 Dungeon Crawl Stone Soup version 0.17-a0-1651-gae1a69f (console) character file.

201602 Daisuki the Eclecticist (level 19, 0/160 HPs)
             Began as a Naga Wizard on Aug 13, 2015.
             Was the Champion of Sif Muna.
             Slain by a guardian serpent (8 damage)
             ... on level 4 of the Snake Pit on Aug 14, 2015.
             The game lasted 08:23:09 (55604 turns).

Daisuki the Eclecticist (Naga Wizard)              Turns: 55604, Time: 08:23:10

Health: 0/160      AC: 20    Str: 15    XL:     19   Next: 0%
Magic:  43/49      EV:  6    Int: 25    God:    Sif Muna [******]
Gold:   2072       SH:  4    Dex: 14    Spells: 14 memorised, 3 levels left

rFire  + . .     SeeInvis +     a - +3 spear {holy, MR+ MP+9 Str+4 Stlth+}
rCold  x . .     Clarity  .     T - +5 ring mail "Ferghirch" {rElec rCorr Dex+4}
rNeg   . . .     SustAt   .     c - +0 buckler
rPois  +         Gourm    +     k - +2 hat
rElec  +         Spirit   .     n - +1 cloak
rCorr  +         Warding  .     L - +0 pair of gloves (curse)
rMut   .         Stasis   .     (no barding)
MR     +++..                    j - amulet of the gourmand
Stlth  +++.......               P - ring of fire
                                o - ring of wizardry

@: about to teleport, delayed fireball, constricted, repel missiles, very slow,
extremely resistant to hostile enchantments, fairly stealthy
A: see invisible, deformed body, poison resistance, slowness 2, slow metabolism
1, spit poison 2, constrict 1, AC +6
a: Spit Poison, Channel Energy, Forget Spell, Renounce Religion, Release Delayed
Fireball


You were on level 4 of the Snake Pit.
You worshipped Sif Muna.
Sif Muna was exalted by your worship.
You were not hungry.

You visited 5 branches of the dungeon, and saw 32 of its levels.
You also visited: Labyrinth, Ossuary and Bailey.

You collected 3497 gold pieces.
You spent 1425 gold pieces at shops.

Inventory:

Hand weapons
 a - the +3 spear "Veppufat" (weapon) {holy, MR+ MP+9 Str+4 Stlth+}
   (You bought it in a shop on level 4 of the Orcish Mines)

   It has been blessed by the Shining One to cause great damage to the undead
   and demons.
   It affects your strength (+4).
   It affects your resistance to hostile enchantments.
   It affects your magic capacity (+9).
   It makes you more stealthy.
Missiles
 m - 78 arrows
Armour
 c - a +0 buckler (worn)
   (You found it on level 14 of the Dungeon)
 k - a +2 hat (worn)
   (You found it on level 2 of the Orcish Mines)
 n - a +1 cloak (worn)
   (You took it off Crazy Yiuf on level 6 of the Dungeon)
 L - a cursed +0 pair of gloves (worn)
   (You found it on level 3 of the Snake Pit)
 T - the +5 ring mail "Ferghirch" (worn) {rElec rCorr Dex+4}
   (You bought it in a shop on level 4 of the Orcish Mines)

   It affects your dexterity (+4).
   It insulates you from electricity.
   It protects you from acid and corrosion.
Jewellery
 h - an uncursed ring of sustain attributes
   (You found it on level 9 of the Dungeon)
 i - an uncursed amulet of resist mutation
   (You found it on level 3 of the Lair of Beasts)
 j - an amulet of the gourmand (around neck)
   (You bought it in a shop on level 10 of the Dungeon)
 o - a ring of wizardry (left hand)
   (You found it on level 6 of the Dungeon)
 M - an uncursed ring of protection from magic
   (You found it on level 4 of the Dungeon)
 P - a ring of fire (right hand)
   (You found it on level 7 of the Lair of Beasts)
Magical devices
 b - a wand of cold (8)
   (You found it on level 8 of the Lair of Beasts)
 f - a wand of heal wounds (8)
   (You acquired it on level 14 of the Dungeon)
 u - a wand of disintegration (16)
   (You found it on level 4 of the Orcish Mines)
 w - a wand of fireball (6)
   (You found it on level 1 of the Lair of Beasts)
 H - a wand of fire (1)
   (You found it on level 3 of the Dungeon)
 Z - a wand of digging (11)
   (You found it on level 6 of the Lair of Beasts)
Scrolls
 y - 4 scrolls of teleportation
 z - a scroll of recharging
 A - 5 scrolls of magic mapping
 W - 4 scrolls of fear
 Y - 2 scrolls of fog
Potions
 e - 5 potions of haste
 l - 8 potions of curing
 B - 5 potions of flight
 K - a potion of magic
Comestibles
 d - 8 beef jerkies
 p - 6 bread rations
 t - a slice of pizza
 x - a meat ration


   Skills:
 - Level 8.1 Fighting
 * Level 4.2 Armour
 - Level 1.5 Dodging
 - Level 3.0 Stealth
 + Level 2.3 Shields
 * Level 17.8 Spellcasting
 - Level 15.0 Conjurations
 - Level 8.0 Charms
   Level 1.0 Summonings
 - Level 1.0 Translocations
 + Level 13.1 Fire Magic
 - Level 3.0 Air Magic
 + Level 1.0 Earth Magic
   Level 5.0 Poison Magic
 + Level 10.0 Invocations
 - Level 8.0 Evocations


You had 3 spell levels left.
You knew the following spells:

 Your Spells              Type           Power        Failure   Level  Hunger
b - Bolt of Magma         Conj/Fire/Erth #######...   1%          5    None
c - Orb of Destruction    Conj           #######...   4%          7    #####..
d - Repel Missiles        Chrm/Air       #####.       1%          2    None
f - Conjure Flame         Conj/Fire      #######.     1%          3    None
i - Delayed Fireball      Conj/Fire      N/A          4%          7    #####..
k - Flame Tongue          Conj/Fire      #####        0%          1    None
l - Shock                 Conj/Air       ####         1%          1    None
m - Sticky Flame          Conj/Fire      #######.     1%          4    None
n - Lightning Bolt        Conj/Air       ######....   1%          5    None
q - Blink                 Tloc           N/A          2%          2    None
r - Apportation           Tloc           ####......   1%          1    None
v - Iron Shot             Conj/Erth      ######....   12%         6    ###....
x - Fireball              Conj/Fire      #######...   1%          5    None
z - Bolt of Fire          Conj/Fire      #######...   1%          6    ###....


Dungeon Overview and Level Annotations

Branches:
Dungeon (15/15)            Temple (1/1) D:6            Lair (8/8) D:10
 Shoals (0/4) Lair:4        Snake (4/4) Lair:3        Slime (0/6) Lair:7
    Orc (4/4) D:12            Elf (0/3) Orc:4        Vaults (0/5) D:14
 Depths (0/5) D:15

Altars:
Ashenzari
Cheibriados
Dithmenos
Elyvilon
Fedhas
Gozag
Kikubaaqudgha
Makhleb
Nemelex Xobeh
Okawaru
Qazlal
Ru
Sif Muna
Trog
Vehumet
Xom
Yredelemnul
Zin
The Shining One
Beogh
Jiyva

Shops:
D:6 %   D:8 (   D:10 =   Orc:1 ?   Orc:4 :*[(

Annotations:
D:14 Vault
Orc:3 Saint Roka!, Saint Roka


Innate Abilities, Weirdness & Mutations

You cannot wear boots.
Your serpentine skin is tough (AC +6).
You have supernaturally acute eyesight.
Armour fits poorly on your strangely shaped body.
Your system is resistant to poisons.
You cover ground very slowly.
You have a slow metabolism.
You can spit poison.
You can use your snake-like lower body to constrict enemies.


Message History

Aim: a naga, wielding a morningstar and wearing a robe (hasn't noticed you)
You feel a surge of power!
The bolt of fire hits the naga.
You kill the naga!
You see here a flail.
U - a scroll of immolation
Things that are here:
a morningstar; a robe You see here a flail.
Things that are here:
a robe; a mace
Press: ? - help, v - describe, . - travel, g - get item A hand axe.
The floor, spattered with blood.
You see here a flail.
Things that are here:
a morningstar; a robe
x - 68 arrows (gained 11)
Items here: ))) [ an uncursed war axe; a longbow; a robe; a halberd
E - 25 bolts (gained 18)
Things that are here:
an uncursed flail; an arbalest You see here a mace.
Things that are here:
a buckler; a spear You see here a robe.
x - 69 arrows (gained 1)
x - 78 arrows (gained 9)
Things that are here:
an uncursed halberd; a shortbow
Things that are here:
a robe; a long sword A naga mage comes into view.
It is wielding a spear.
Found a spear.
Casting: Bolt of Fire
Confirm with . or Enter, or press ? or * to list all spells.
Aiming: Bolt of Fire
Press: ? - help, Shift-Dir - straight line, f - naga mage
Aim: a naga mage, wielding a spear You feel a surge of power!
The bolt of fire hits the naga mage.
The naga mage is heavily wounded.
Casting: Bolt of Fire
Confirm with . or Enter, or press ? or * to list all spells.
Aiming: Bolt of Fire
Press: ? - help, Shift-Dir - straight line, f/p - naga mage
Aim: a naga mage, wielding a spear (heavily wounded)
You feel a surge of power!
The bolt of fire hits the naga mage.
You kill the naga mage!
A naga and a naga warrior come into view.
Casting: Bolt of Fire
Confirm with . or Enter, or press ? or * to list all spells.
Aiming: Bolt of Fire
Press: ? - help, Shift-Dir - straight line, f - naga warrior
Aim: a naga warrior, wielding a hand axe (hasn't noticed you)
You feel a surge of power!
The bolt of fire hits the naga warrior.
The naga warrior is moderately wounded.
The naga warrior shouts!
The naga shouts!
Casting: Bolt of Fire
Confirm with . or Enter, or press ? or * to list all spells.
Aiming: Bolt of Fire
Press: ? - help, Shift-Dir - straight line, f/p - naga warrior
Aim: a naga warrior, wielding a hand axe (moderately wounded)
You feel a surge of power!
The bolt of fire hits the naga warrior.
The naga warrior is almost dead.
You hear a shout!
Casting: Bolt of Fire
Confirm with . or Enter, or press ? or * to list all spells.
Aiming: Fireball
Press: ? - help, Shift-Dir - straight line, f/p - naga warrior
Aim: a naga warrior, wielding a hand axe (almost dead)
You feel a surge of power!
The fireball explodes!
The fireball engulfs the naga warrior.
You kill the naga warrior!
The naga spits poison at you. The splash of poison hits you!
You are poisoned.
You resist.
You feel sick. The naga spits poison at you. The splash of poison misses you.
Casting: Fireball
Confirm with . or Enter, or press ? or * to list all spells.
Aiming: Bolt of Fire
Press: ? - help, Shift-Dir - straight line, f - naga
Aim: a naga, wielding a glaive You feel a surge of power!
The bolt of fire hits the naga.
You kill the naga!
You feel sick.
Casting: Bolt of Fire
Confirm with . or Enter, or press ? or * to list all spells.
Aiming: Bolt of Fire
Press: ? - help, Shift-Dir - straight line, f/p - naga
Aim: a naga, wielding a glaive You feel a surge of power!
The bolt of fire hits the naga.
The naga is almost dead.
Casting: Bolt of Fire
Confirm with . or Enter, or press ? or * to list all spells.
Aiming: Fireball
Press: ? - help, Shift-Dir - straight line, f/p - naga
Aim: a naga, wielding a glaive (almost dead)
You feel a surge of power!
The fireball explodes!
The fireball engulfs the naga.
You kill the naga!
You start resting.
HP restored.
You start resting.
You feel sick.
HP restored.
You start resting.
You feel sick.
HP restored.
You start resting.
You feel sick.
You are no longer poisoned.
You start resting.
HP restored.
You start resting.
Magic restored.
Things that are here:
a glaive of venom; a naga corpse
V - a glaive of venom
Things that are here:
a glaive; a naga corpse
Things that are here:
a hand axe; a naga corpse You see here a spear.
Press: ? - help, v - describe, . - travel, g - get item A spear.
There is something else lying underneath.
The floor.
Things that are here:
a spear; a naga corpse
X - a large diamond ring Your pack is full.
You see here a meat ration.
Existing waypoints: (0) Lair:1 Assign waypoint to what number? (0-9, D - delete waypoint) Waypoint 1 assigned to Snake:3.
Drop what? 52/52 slots (_ for help) (? for menu, Esc to quit)
You drop 78 arrows.
x - a meat ration You see here 78 arrows.
There is a stone staircase leading up, spattered with blood here.
You climb upwards.
There is a stone staircase leading down here.
(D) Dungeon (T) Temple (L) Lair (A) Shoals (P) Snake Pit (M) Slime Pits (O) Orcish Mines (E) Elven Halls (V) Vaults (U) Depths
Where to? (* - list waypoints, Enter - Snake:3 @ (x,y), ? - help)
You see here a trident.
A shock serpent comes into view.
The shock serpent hisses angrily.
Casting: Fireball
Confirm with . or Enter, or press ? or * to list all spells.
Aiming: Bolt of Fire
Press: ? - help, Shift-Dir - straight line, f - shock serpent
Aim: a shock serpent You feel a surge of power!
The bolt of fire hits the shock serpent.
The shock serpent is severely wounded.
The shock serpent's electric aura discharges violently!
The lightning shocks you.
Casting: Bolt of Fire
Confirm with . or Enter, or press ? or * to list all spells.
Aiming: Bolt of Fire
Press: ? - help, Shift-Dir - straight line, f/p - shock serpent
Aim: a shock serpent (severely wounded)
You feel a surge of power!
The bolt of fire hits the shock serpent.
You kill the shock serpent!
The air sparks with electricity!
The lightning shocks you.
You see here a shock serpent corpse.
You butcher the shock serpent corpse.
Your pack is full.
Things that are here:
a chunk of flesh; a shock serpent skeleton Eat a chunk of flesh? (ye/n/q/i?) This raw flesh tastes great.
You continue eating. x2
You see here a shock serpent skeleton.
(D) Dungeon (T) Temple (L) Lair (A) Shoals (P) Snake Pit (M) Slime Pits (O) Orcish Mines (E) Elven Halls (V) Vaults (U) Depths
Where to? (* - list waypoints, Enter - Lair:1 @ (x,y), ? - help)
There is a stone staircase leading up, spattered with blood here.
You climb upwards.
There is a stone staircase leading down here.
Things that are here:
a robe; a short sword HP restored.
Magic restored.
There is an open door here.
There is a fountain of clear blue water here.
There is a fountain of clear blue water here.
There is an open door here.
There is a staircase back to the Lair here.
You climb upwards.
Welcome back to the Lair of Beasts!
There is a staircase to the Snake Pit here.
There is a stone staircase leading up, spattered with blood here.
You climb upwards.
There is a stone staircase leading down here.
There is a stone staircase leading up here.
You climb upwards.
There is a stone staircase leading down here.
Items here: )))))))))))))))))))))))))))))))) [[[[[[[[[[[[[[[[[[
Things that are here:
the +3 dire flail "Ezuyvatt" {elec, rF- Str+9 Stlth-} the +1 robe "Riqun" {rF+ Str+2 Stlth+} the +5 quarterstaff "Jawesch" {antimagic, Str+2}
There is a staircase back to the Dungeon here.
Items here: !!! " %% (((((((((((( /////////// :::::::::::::: == ?? }}} Drop what? 52/52 slots (_ for help) (? for menu, Esc to quit)
You drop 79 stones.
You drop 3 fruits.
You drop a potion of lignification.
You drop a potion of degeneration.
Items here: ((((( ))))))))))))))))))))))))))) /////// === ????? [[ } Put on which piece of jewellery? (? for menu, Esc to quit)
You're wearing all the rings you can.
Remove which one? (? for menu, Esc to cancel) < or
o - a ring of wizardry; > or
P - a ring of fire You remove your ring of fire.
X - a ring of positive energy (right hand) Put on which piece of jewellery? (? for menu, Esc to quit)
You're wearing all the rings you can.
Remove which one? (? for menu, Esc to cancel) < or
o - a ring of wizardry; > or
X - a ring of positive energy You remove your ring of positive energy.
You feel more attuned to fire.
P - a ring of fire (right hand) Wear which item? (? for menu, Esc to quit)
Okay, then.
Wield which item (- for none, * to show all)? (? for menu, Esc to quit)
Okay, then.
Drop what? 48/52 slots (_ for help) (? for menu, Esc to quit)
You drop a scimitar of venom.
You drop 25 bolts.
You drop a dagger of venom.
You drop a shortbow of flaming.
You drop an enchanted halberd.
You drop a glaive of venom.
There is a staircase back to the Dungeon here.
Items here: !!! " %% (((((((((((( /////////// :::::::::::::: == ?? }}}
Things that are here:
the +3 dire flail "Ezuyvatt" {elec, rF- Str+9 Stlth-} the +1 robe "Riqun" {rF+ Str+2 Stlth+} the +5 quarterstaff "Jawesch" {antimagic, Str+2}
Items here: )))))))))))))))))))))))))))))))) [[[[[[[[[[[[[[[[[[ Drop what? 42/52 slots (_ for help) (? for menu, Esc to quit)
You drop a +0 pair of gloves.
Things that are here:
the +3 dire flail "Ezuyvatt" {elec, rF- Str+9 Stlth-} the +1 robe "Riqun" {rF+ Str+2 Stlth+} the +5 quarterstaff "Jawesch" {antimagic, Str+2}
Items here: ))))))))))))))))))))))))))))))) [[[[[[[[[[[[[[[[[[[
Things that are here:
the +3 dire flail "Ezuyvatt" {elec, rF- Str+9 Stlth-} the +1 robe "Riqun" {rF+ Str+2 Stlth+} the +5 quarterstaff "Jawesch" {antimagic, Str+2}
There is a staircase back to the Dungeon here.
Items here: !!! " %% (((((((((((( /////////// :::::::::::::: == ?? }}} Drop what? 41/52 slots (_ for help) (? for menu, Esc to quit)
You drop an uncursed ring of positive energy.
Drop what? 40/52 slots (_ for help) (? for menu, Esc to quit)
Okay, then.
Things that are here:
the +3 dire flail "Ezuyvatt" {elec, rF- Str+9 Stlth-} the +1 robe "Riqun" {rF+ Str+2 Stlth+} the +5 quarterstaff "Jawesch" {antimagic, Str+2}
Items here: ))))))))))))))))))))))))))))))) [[[[[[[[[[[[[[[[[[[ Drop what? 40/52 slots (_ for help) (? for menu, Esc to quit)
You drop a +0 scimitar of holy wrath.
Things that are here:
the +3 dire flail "Ezuyvatt" {elec, rF- Str+9 Stlth-} the +1 robe "Riqun" {rF+ Str+2 Stlth+} the +5 quarterstaff "Jawesch" {antimagic, Str+2}
There is a staircase back to the Dungeon here.
Items here: !!! " %% ((((((((((( /////////// :::::::::::::: === ?? }}}
Items here: (( )))))))))))))))))))))))))))))))) ///// === ????? [[ } Drop what? 39/52 slots (_ for help) (? for menu, Esc to quit)
You drop a scroll of enchant armour.
You drop a scroll of enchant weapon.
You drop 3 scrolls of identify.
There is a staircase back to the Dungeon here.
Items here: !!! " %% ((((((((((( /////////// :::::::::::::: === ?? }}} Drop what? 36/52 slots (_ for help) (? for menu, Esc to quit)
You drop a scroll of immolation.
Drop what? 35/52 slots (_ for help) (? for menu, Esc to quit)
Okay, then.
Items here: (( )))))))))))))))))))))))))))))))) ///// === ????? [[ } Drop what? 35/52 slots (_ for help) (? for menu, Esc to quit)
You drop a potion of brilliance.
Unknown command.
There is a staircase back to the Dungeon here.
Items here: !!! " %% (((((((((( /////////// :::::::::::::: === ??? }}} Drop what? 34/52 slots (_ for help) (? for menu, Esc to quit)
You drop 2 potions of ambrosia.
Unknown command.
Okay, then.
Describe a (M)onster, (S)pell, s(K)ill, (A)bility, (C)ard, (I)tem, (F)eature, (G)od, (B)ranch or c(L)oud?
Describe a item; partial names and regexps are fine.
Enter a single letter to list items displayed by that symbol.
Describe what?
Describe a (M)onster, (S)pell, s(K)ill, (A)bility, (C)ard, (I)tem, (F)eature, (G)od, (B)ranch or c(L)oud?
Okay, then.
Unknown command.
Search for what [Enter for "Snake:2", or ? for help]? rc Search for what [Enter for "rc", or ? for help]? helmet Unknown command.
Things that are here:
the +3 dire flail "Ezuyvatt" {elec, rF- Str+9 Stlth-} the +1 robe "Riqun" {rF+ Str+2 Stlth+} the +5 quarterstaff "Jawesch" {antimagic, Str+2} Drop what? 33/52 slots (_ for help) (? for menu, Esc to quit)
You start removing your armour.
You continue taking off the +1 helmet of Ozuteup {rF+ Int-2 Stlth+}. x4
You finish taking off the +1 helmet of Ozuteup {rF+ Int-2 Stlth+}.
You drop the +1 helmet of Ozuteup {rF+ Int-2 Stlth+}.
Items here: ))))))))))))))))))))))))))))))) [[[[[[[[[[[[[[[[[[[
k - a +2 hat Wear which item? (? for menu, Esc to quit)
You start putting on your armour.
You continue putting on your +2 hat.
You continue putting on your +2 hat. x3
You finish putting on your +2 hat.
Read which item? (? for menu, Esc to quit)
Okay, then.
Read which item? (? for menu, Esc to quit)
As you read the scroll of acquirement, it crumbles to dust.
This is a scroll of acquirement! [a] Weapon [b] Armour [c] Jewellery [d] Book [e] Staff [f] Wand [g] Miscellaneous [h] Food [i] Gold [j] Ammunition What kind of item would you like to acquire? (\ to view known items)
Something appears before you!
m - a thin smoking staff Wield which item (- for none, * to show all)? (? for menu, Esc to quit)
The +3 spear "Veppufat" {holy, MR+ MP+9 Str+4 Stlth+} stops glowing.
m - an uncursed staff of wizardry (weapon)
Items here: )) [[ the +1 helmet of Ozuteup {rF+ Int-2 Stlth+} the +3 dire flail "Ezuyvatt" {elec, rF- Str+9 Stlth-} the +1 robe "Riqun" {rF+ Str+2 Stlth+} the +5 quarterstaff "Jawesch" {antimagic, Str+2}
There is a staircase back to the Dungeon here.
Items here: !!!! " %% (((((((((( ////////// :::::::::::::: === ??? }}}
Items here: ! (( )))))))))))))))))))))))))))))))) ///// === ????? [ }
S - an uncursed ring of wizardry Put on which piece of jewellery? (? for menu, Esc to quit)
You're wearing all the rings you can.
Remove which one? (? for menu, Esc to cancel) < or
o - a ring of wizardry; > or
P - a ring of fire You remove your ring of fire.
S - a ring of wizardry (right hand)
There is a staircase back to the Dungeon here.
Items here: !!!! " %% (((((((((( ////////// :::::::::::::: === ??? }}}
Okay, then.
Unknown command.
Items here: ! (( )))))))))))))))))))))))))))))))) ///// == ????? [[ } You remove your ring of wizardry.
You drop an uncursed ring of wizardry.
Put on which piece of jewellery? (? for menu, Esc to quit)
You feel more attuned to fire.
P - a ring of fire (right hand) Drop what? 33/52 slots (_ for help) (? for menu, Esc to quit)
You are now empty-handed.
You drop an uncursed staff of wizardry.
It softly glows with a divine radiance!
a - the +3 spear "Veppufat" (weapon)
{holy, MR+ MP+9 Str+4 Stlth+} Unknown command.
(D) Dungeon (T) Temple (L) Lair (A) Shoals (P) Snake Pit (M) Slime Pits (O) Orcish Mines (E) Elven Halls (V) Vaults (U) Depths
Where to? (* - list waypoints, Enter - Lair:1 @ (x,y), ? - help)
There is a staircase back to the Dungeon here.
Items here: !!!! " %% (((((((((( ////////// :::::::::::::: === ??? }}}
Items here: )) [[ the +1 helmet of Ozuteup {rF+ Int-2 Stlth+} the +3 dire flail "Ezuyvatt" {elec, rF- Str+9 Stlth-} the +1 robe "Riqun" {rF+ Str+2 Stlth+} the +5 quarterstaff "Jawesch" {antimagic, Str+2}
Items here: )))))))))))))))))))))))))))))))) [[[[[[[[[[[[[[[[[[ Magic restored.
There is a stone staircase leading down here.
You climb downwards.
There is a stone staircase leading up here.
There is a stone staircase leading down here.
You climb downwards.
There is a stone staircase leading up, spattered with blood here.
There is a staircase to the Snake Pit here.
You climb downwards.
Welcome to the Snake Pit!
There is a staircase back to the Lair here.
There is an open door here.
There is a fountain of clear blue water here.
There is a fountain of clear blue water here.
There is an open door here.
There is a stone staircase leading down here.
You climb downwards.
A mana viper comes into view.
The mana viper hisses angrily.
There is a stone staircase leading up here.
Casting: Bolt of Fire
Confirm with . or Enter, or press ? or * to list all spells.
Aiming: Bolt of Fire
Press: ? - help, Shift-Dir - straight line, f - mana viper
Aim: a mana viper You feel a surge of power!
The bolt of fire hits the mana viper.
The mana viper is almost dead.
Casting: Bolt of Fire
Confirm with . or Enter, or press ? or * to list all spells.
Aiming: Bolt of Fire
Press: ? - help, Shift-Dir - straight line, f - mana viper, p - mana viper
Aim: a mana viper You feel a surge of power!
The bolt of fire hits the mana viper.
The mana viper is severely wounded.
Casting: Bolt of Fire
Confirm with . or Enter, or press ? or * to list all spells.
Aiming: Bolt of Fire
Press: ? - help, Shift-Dir - straight line, f/p - mana viper
Aim: a mana viper (severely wounded)
You feel a surge of power!
The bolt of fire misses the mana viper.
You block the mana viper's attack. The mana viper barely misses you.
Casting: Bolt of Fire
Confirm with . or Enter, or press ? or * to list all spells.
You blink.
Casting: Blink
Confirm with . or Enter, or press ? or * to list all spells.
Aiming: Bolt of Fire
Press: ? - help, Shift-Dir - straight line, f - mana viper, p - mana viper
Aim: a mana viper (translocational energy, almost dead)
You feel a surge of power!
The bolt of fire hits the mana viper.
You kill the mana viper!
The bolt of fire hits the mana viper.
You kill the mana viper!
(D) Dungeon (T) Temple (L) Lair (A) Shoals (P) Snake Pit (M) Slime Pits (O) Orcish Mines (E) Elven Halls (V) Vaults (U) Depths
Where to? (* - list waypoints, Enter - Snake:3 @ (x,y), ? - help)
There is an escape hatch in the floor here.
There is a stone staircase leading down here.
You climb downwards.
There is a stone staircase leading up, spattered with blood here.
There is a stone staircase leading down here.
You see here 78 arrows.
m - 78 arrows Existing waypoints: (0) Lair:1 (1) Snake:3 Assign waypoint to what number? (0-9, D - delete waypoint) Existing waypoints: (0) Lair:1 (1) Snake:3 Delete which waypoint? (* - delete all, Esc - exit) Existing waypoints: (0) Lair:1 Delete which waypoint? (* - delete all, Esc - exit)
Okay, then.
You found a teleport trap!
Magic restored.
There is a stone staircase leading up here.
Done exploring.
Done exploring.
There is a stone staircase leading down here.
Search for what [Enter for "helmet", or ? for help]? flight Unknown command.
Unknown command.
Adjust (i)tems, (s)pells, or (a)bilities?
Adjust which spell?
Okay, then.
Unknown command.
Casting: Bolt of Fire
Confirm with . or Enter, or press ? or * to list all spells.
You feel protected from missiles.
Search for what [Enter for "flight", or ? for help]?
Snake:3 You start resting.
Magic restored.
You climb downwards. 8 nagas, 3 guardian serpents and a shock serpent come into view.
The naga shouts!
The guardian serpent shouts!
The naga shouts!
Found a leather armour and 27 gold pieces.
Found a stone staircase leading up.
There is a stone staircase leading up here.
Unknown command.
Unknown command.
A naga comes into view. It is wielding a glaive.
The greater naga shouts!
The naga shouts!
The naga mage spits poison at you. The splash of poison hits you! You resist.
The greater naga spits poison at you. The splash of poison hits you!
You resist.
The guardian serpent casts a spell at you.
The bolt of poison misses you.
The guardian serpent coils itself and waves its upper body at you.
The bolt of poison hits you!
You are poisoned.
You resist.
You feel sick.
The naga warrior shouts! x2
The naga mage mumbles some strange words.
The naga mage seems to speed up.
The naga spits poison at you. The splash of poison misses you.
The naga spits poison at you. The splash of poison hits you! You resist.
The shock serpent barely misses you.
There is a stone staircase leading up here.
You feel sick.
You block the guardian serpent's attack.
The guardian serpent coils itself and performs some mystic snake dance.
The naga mage blinks!
The naga warrior blinks!
The naga blinks!
The teleport trap disappears.
The naga disappears!
The guardian serpent blinks!
The naga warrior blinks!
The naga blinks!
The greater naga blinks!
The guardian serpent hits you but does no damage.
The shock serpent bites you! The shock serpent shocks you. You resist.
The naga hits you but does no damage. The naga grabs you.
You stop ascending the stairs.
The naga constricts you.
The greater naga hits you with a halberd!
Unknown command.
Press: ? - help, v - describe, . - travel A stone staircase leading up, spattered with blood.
Press: ? - help, v - describe, . - travel
Here: a naga, wielding a mace of venom (constricting you, catching its breath)
The floor.
Unknown command.
Casting: Repel Missiles
Confirm with . or Enter, or press ? or * to list all spells.
Aiming: Bolt of Fire
Press: ? - help, Shift-Dir - straight line, f - naga
Aim: a naga, wielding a mace of venom (constricting you, catching its breath)
You feel a surge of power!
The bolt of fire hits the naga.
You kill the naga!
Your Earth Magic skill increases to level 1!
You have reached level 19!
The greater naga shouts!
The naga shouts!
You feel sick. The naga mage barely misses you. The naga mage grabs you.
The naga mage constricts you.
You block the guardian serpent's attack.
The guardian serpent gestures with its tail.
The naga blinks!
The guardian serpent hits you!
The shock serpent bites you but does no damage.
The naga warrior spits poison at you. The splash of poison hits you!
You are more poisoned.
You resist.
The naga warrior hits you but does no damage.
The guardian serpent hits you! The naga mage hits you with a halberd!
The naga mage constricts you. The greater naga spits poison at you.
The splash of poison hits you!
You are more poisoned.
You resist. The naga closely misses you. The guardian serpent hits you!
* * * LOW HITPOINT WARNING * * *
The shock serpent bites you but does no damage.
Press: ? - help, v - describe, . - travel
Here: a naga mage, wielding a halberd (constricting you, fast, catching its breath)
The floor.
Unknown command.
Read which item? (? for menu, Esc to quit)
As you read the scroll of teleportation, it crumbles to dust.
You feel strangely unstable.
You feel sick. The naga warrior spits poison at you.
The splash of poison is repelled.
The splash of poison hits the naga warrior.
The guardian serpent hits you.
* * * LOW HITPOINT WARNING * * *
The naga warrior barely misses you. The shock serpent closely misses you.
The guardian serpent casts a spell.
The naga mage barely misses you.
* * * LOW HITPOINT WARNING * * *
The naga mage constricts you.
The greater naga hits you with a halberd!
* * * LOW HITPOINT WARNING * * *
Unknown command.
Drink which item? (? for menu, Esc to quit)
You feel better. The guardian serpent hits you.
* * * LOW HITPOINT WARNING * * *
The guardian serpent closely misses you.
The shock serpent bites you.
* * * LOW HITPOINT WARNING * * *
The shock serpent shocks you. You resist.
* * * LOW HITPOINT WARNING * * *
The naga warrior hits you with a mace!
* * * LOW HITPOINT WARNING * * *
The naga completely misses you. The naga mage spits poison at you.
The splash of poison is repelled.
The splash of poison hits the shock serpent.
The naga mage constricts you.
The shock serpent's electric aura discharges!
The lightning shocks you.
* * * LOW HITPOINT WARNING * * *
The naga warrior hits you with a dire flail!
* * * LOW HITPOINT WARNING * * *
The guardian serpent hits you but does no damage.
The shock serpent bites you but does no damage.
The guardian serpent coils itself and performs some mystic snake dance.
Drink which item? (? for menu, Esc to quit)
You feel much better.
The naga mage hits you but does no damage.
The naga mage constricts you.
The greater naga hits you with a halberd!!
* * * LOW HITPOINT WARNING * * *
The naga warrior hits you but does no damage.
The guardian serpent casts a spell at you.
The bolt of poison hits you! You resist.
The bolt of poison hits the naga.
The naga is poisoned.
The guardian serpent coils itself and performs some mystic snake dance.
The shock serpent bites you but does no damage.
The guardian serpent hits you!
You die...

####.....####
.##...........###
#.............$.#
.......N.........
...........N.....
.................
......SNS........
.....SN@N<.......
......NSN........
.................
##............[##
###.........###
####...###..
.#.#. ... .......
..


You could see 2 naga warriors, 2 greater nagas, a shock serpent, 3 guardian
serpents, a naga mage and 2 nagas.

Vanquished Creatures
  Monster Symbol All ' '
  The ghost of porpoise the Thaumaturge, a powerful DECj of Vehumet (Orc:4)
  The ghost of moarrgan the Skirmisher, an experienced MiBe of Trog (D:6)
  The ghost of Kelyas the Charmwright, an average SpSk (D:3)
3 creatures vanquished. All '5' Grinder (D:5) 8 crimson imps (D:5 D:7 D:8 D:11 D:12) An iron imp (Orc:2) A white imp (Orc:2) 5 shadow imps (D:9 D:11 D:12 D:13 Orc:2)
16 creatures vanquished. All '9' 5 gargoyles (Lab D:12 D:14 D:15)
5 creatures vanquished. All ';' 6 electric eels (Lair:7 Lair:8)
6 creatures vanquished. All '@' Norris (Snake:3) Josephine (Snake:1) Harold (D:11) Maurice (Orc:4) Sigmund (D:5)
5 creatures vanquished. All 'C' A stone giant (Orc:3) 6 hill giants (D:10 D:12 D:13 D:15) 6 cyclopes (D:11 D:13 D:14 D:15)
13 creatures vanquished. All 'D' 13 hydras (D:8 Lair:2 Lair:3 Lair:4 Lair:6) A mottled dragon (D:11)
14 creatures vanquished. All 'F' 26 spiny frogs (Lair:1 Lair:2 Lair:3 Lair:4 Lair:5) 40 blink frogs (Lair:1 Lair:2 Lair:3 Lair:4 Lair:5) Prince Ribbit (D:5) 39 giant frogs (D:6 D:7 D:8 D:9 Lair:1)
106 creatures vanquished. All 'H' A minotaur (Lab) 5 griffons (Lair:3 Lair:5 Lair:6 D:15) 3 manticores (D:13 D:14 D:15) 15 hippogriffs (D:9 D:11 Lair:2 Lair:4 Lair:5)
24 creatures vanquished. All 'J' 7 slime creatures (D:13 D:15) 11 jellies (D:4 D:7 D:10 Lair:7 D:12) 5 oozes (D:4 Lair:7)
23 creatures vanquished. All 'K' 4 big kobolds (D:8 D:14) 35 kobolds (D:1 D:2 D:3 Bailey D:14)
39 creatures vanquished. All 'M' Menkaure (D:4) A mummy (Ossuary)
2 creatures vanquished. All 'N' 2 greater nagas (Snake:2 Snake:3) 16 naga warriors (Snake:2 Snake:1 Snake:3) 6 naga sharpshooters (Snake:1 Snake:2 Snake:3) A salamander mystic (Snake:1) 4 naga ritualists (Snake:1 Snake:2 Snake:3) 9 salamanders (Snake:1 Snake:2 Snake:3) 16 naga magi (Snake:1 Snake:2 Snake:3) 31 nagas (Snake:1 Snake:2 Snake:3 Snake:4)
85 creatures vanquished. All 'O' 2 two-headed ogres (D:10 D:12) 10 ogres (D:4 D:6 D:7 D:8 D:10)
12 creatures vanquished. All 'P' An oklob plant (Lair:1) 4 bushes (Lair:1 Lair:3) 3 fungi (Lair:3 Lair:7) 7 plants (D:10 Lair:3 Lair:7 Lair:8)
15 creatures vanquished. All 'Q' A tengu warrior (D:13)
1 creature vanquished. All 'R' An efreet (D:13)
1 creature vanquished. All 'S' 13 anacondas (Snake:1 Snake:2 Snake:3) 4 shock serpents (Snake:2 Snake:3) 12 mana vipers (Snake:2 Snake:1 Snake:3) 6 guardian serpents (Lair:3 Snake:1 Snake:2 Snake:3) 39 black mambas (Lair:1 Lair:3 Lair:7 Lair:8 Snake:1) 11 water moccasins (Lair:1 Lair:2 Lair:3 Lair:6 Lair:8) 12 adders (D:3 D:4 D:5 D:6 D:8)
97 creatures vanquished. All 'T' Snorg (Orc:4) 8 trolls (D:10 D:12 D:13 Orc:2 Orc:4)
9 creatures vanquished. All 'W' 7 wraiths (D:11 D:14 Snake:1) 2 shadows (D:13 D:14) 3 hungry ghosts (D:10 D:11) A phantom (D:12)
13 creatures vanquished. All 'Y' 12 death yaks (Lair:4 Lair:6 Lair:8) An elephant (shapeshifter) (D:15) 23 elephants (Lair:5 Lair:6 Lair:7) 89 yaks (D:8 D:9 D:10 D:11 Lair:1) 2 ice beasts (D:8 D:14) 4 sky beasts (D:12 D:13 D:14) 14 sheep (D:8 Lair:1 Lair:3 Lair:6)
145 creatures vanquished. All 'Z' A minotaur zombie (Lab) 2 centaur simulacra (D:14 D:15) A water moccasin zombie (D:11) 2 wyvern skeletons (D:10 D:13) 6 centaur zombies (D:6 D:10 D:11 D:14) A giant frog zombie (D:11) 3 giant frog skeletons (D:11 D:12 D:13) 7 centaur skeletons (D:4 D:10 D:14 D:15) A killer bee zombie (D:11) 5 big kobold zombies (Ossuary) A hound zombie (D:8) A worker ant zombie (D:9) 2 adder skeletons (D:3 D:9) 8 spectral bats (Ossuary) 7 gnoll zombies (Ossuary) 4 bat simulacra (Ossuary) 2 giant gecko skeletons (D:4) A giant gecko zombie (D:7) 4 goblin simulacra (Ossuary) 4 goblin zombies (Ossuary) 6 hobgoblin zombies (Ossuary) A jackal zombie (D:6) 2 kobold simulacra (Ossuary) A kobold zombie (Ossuary) 7 orc zombies (Ossuary) A quokka zombie (D:7) 2 rat simulacra (Ossuary) A spectral goblin (Ossuary) 6 spectral kobolds (Ossuary) 4 spectral rats (Ossuary)
94 creatures vanquished. All 'a' A queen ant (D:12) 14 soldier ants (D:12) 47 worker ants (D:4 D:5 D:7 D:8 D:9)
62 creatures vanquished. All 'b' 16 bats (D:1 D:2 D:3 D:5)
16 creatures vanquished. All 'c' Nessos (Lair:8) 6 centaur warriors (D:11 D:13 D:15) 21 centaurs (D:5 D:6 D:9 D:11 Lair:3)
28 creatures vanquished. All 'e' A deep elf annihilator (Orc:4) 5 deep elf magi (D:13 Orc:2 D:15) Duvessa (D:7) Dowan (D:7)
8 creatures vanquished. All 'g' 5 boggarts (D:15) Crazy Yiuf (D:6) 9 gnolls (D:2 D:3 Bailey) 15 goblins (D:1 D:2 D:3 Bailey) 18 hobgoblins (D:1 D:2 D:3 Bailey Orc:2)
48 creatures vanquished. All 'h' A raiju (shapeshifter) (D:15) A polar bear (Lair:3) 23 wolves (Lair:3 Lair:7) 12 wargs (D:12 Orc:4) 3 black bears (D:9 Lair:3 D:13) 5 hounds (D:5 D:8 D:9 D:12) 9 jackals (D:1 D:3 D:8 D:11)
54 creatures vanquished. All 'i' A spriggan (Lair:3)
1 creature vanquished. All 'k' 3 fire drakes (Lair:2 Lair:5 Lair:8) A swamp drake (Orc:2)
4 creatures vanquished. All 'l' 16 komodo dragons (Lair:1 Lair:3 Lair:4 Lair:5 Lair:6) 2 wyverns (D:14 D:15) 6 basilisks (Lair:2 Lair:4 Lair:6 Lair:7) 12 iguanas (D:5 D:7 D:8 Lair:3 Lair:4) 9 giant geckos (D:2 D:4 D:5 D:9 D:10) 6 giant newts (D:1 D:2 D:3 D:4 D:5)
51 creatures vanquished. All 'm' 4 merfolk (Lair:4)
4 creatures vanquished. All 'n' 2 necrophages (D:6 D:15)
2 creatures vanquished. All 'o' An orc high priest (Orc:4) Nergalle (Orc:4) 5 orc knights (D:12 Orc:2 Orc:4) An orc sorcerer (Orc:4) 33 orc warriors (D:6 D:7 D:8 D:12 Bailey) 20 orc priests (D:8 D:7 D:12 Orc:1 Orc:2) 28 orc wizards (D:5 D:7 D:8 D:12 D:14) 173 orcs (D:3 D:4 D:5 D:6 D:7)
262 creatures vanquished. All 'p' A vault guard (D:14) A wizard (D:15)
2 creatures vanquished. All 'r' 19 porcupines (Lair:1 Lair:2 Lair:3 Lair:4 Lair:5) 51 river rats (Lair:3 Lair:2 Lair:4 Lair:5 Lair:6) 3 quokkas (D:4 D:8) 9 rats (D:1 D:2 D:3)
82 creatures vanquished. All 's' 2 jumping spiders (shapeshifter) (D:15) 3 scorpions (D:6 D:10 D:12) 6 giant cockroaches (D:2 D:3 D:4 D:6)
11 creatures vanquished. All 't' 12 crocodiles (Lair:3 Lair:4 Lair:5 Lair:6 Lair:7)
12 creatures vanquished. All 'u' 24 ugly things (D:11 D:14 D:15)
24 creatures vanquished. All 'w' A torpor snail (Lair:6) 4 giant leeches (Lair:7 Lair:8) 2 worms (D:2 D:3)
7 creatures vanquished. All 'x' 2 unseen horrors (D:14 D:15)
2 creatures vanquished. All 'y' 14 vampire mosquitoes (Lair:8 Lair:7 D:13 D:14) A wasp (D:9) 6 killer bees (D:12 D:13)
21 creatures vanquished. All 'z' 5 wights (D:9)
5 creatures vanquished.
1434 creatures vanquished. Monster Nature Uniques Norris (Snake:3) Nessos (Lair:8) Snorg (Orc:4) Josephine (Snake:1) Harold (D:11) Nergalle (Orc:4) Maurice (Orc:4) Grinder (D:5) Prince Ribbit (D:5) Sigmund (D:5) Menkaure (D:4) Duvessa (D:7) Dowan (D:7) Crazy Yiuf (D:6)
14 creatures vanquished. Natural Monsters 2 greater nagas (Snake:2 Snake:3) A stone giant (Orc:3) A deep elf annihilator (Orc:4) The ghost of porpoise the Thaumaturge, a powerful DECj of Vehumet (Orc:4) A vault guard (D:14) A minotaur (Lab) 16 naga warriors (Snake:2 Snake:1 Snake:3) 6 centaur warriors (D:11 D:13 D:15) 13 hydras (D:8 Lair:2 Lair:3 Lair:4 Lair:6) A queen ant (D:12) 13 anacondas (Snake:1 Snake:2 Snake:3) A tengu warrior (D:13) An orc high priest (Orc:4) 6 naga sharpshooters (Snake:1 Snake:2 Snake:3) 12 death yaks (Lair:4 Lair:6 Lair:8) 4 shock serpents (Snake:2 Snake:3) A salamander mystic (Snake:1) 2 unseen horrors (D:14 D:15) The ghost of moarrgan the Skirmisher, an experienced MiBe of Trog (D:6) 4 naga ritualists (Snake:1 Snake:2 Snake:3) 5 orc knights (D:12 Orc:2 Orc:4) 6 hill giants (D:10 D:12 D:13 D:15) 12 mana vipers (Snake:2 Snake:1 Snake:3) 24 ugly things (D:11 D:14 D:15) An orc sorcerer (Orc:4) 5 griffons (Lair:3 Lair:5 Lair:6 D:15) A wizard (D:15) 9 salamanders (Snake:1 Snake:2 Snake:3) 3 manticores (D:13 D:14 D:15) An elephant (shapeshifter) (D:15) 6 cyclopes (D:11 D:13 D:14 D:15) 16 naga magi (Snake:1 Snake:2 Snake:3) 6 guardian serpents (Lair:3 Snake:1 Snake:2 Snake:3) A torpor snail (Lair:6) 39 black mambas (Lair:1 Lair:3 Lair:7 Lair:8 Snake:1) 16 komodo dragons (Lair:1 Lair:3 Lair:4 Lair:5 Lair:6) 26 spiny frogs (Lair:1 Lair:2 Lair:3 Lair:4 Lair:5) 23 elephants (Lair:5 Lair:6 Lair:7) 3 fire drakes (Lair:2 Lair:5 Lair:8) 2 two-headed ogres (D:10 D:12) 8 trolls (D:10 D:12 D:13 Orc:2 Orc:4) A raiju (shapeshifter) (D:15) 4 merfolk (Lair:4) 2 jumping spiders (shapeshifter) (D:15) A polar bear (Lair:3) 40 blink frogs (Lair:1 Lair:2 Lair:3 Lair:4 Lair:5) 7 slime creatures (D:13 D:15) 4 giant leeches (Lair:7 Lair:8) 2 wyverns (D:14 D:15) 5 deep elf magi (D:13 Orc:2 D:15) 6 basilisks (Lair:2 Lair:4 Lair:6 Lair:7) 23 wolves (Lair:3 Lair:7) A spriggan (Lair:3) 89 yaks (D:8 D:9 D:10 D:11 Lair:1) 14 soldier ants (D:12) 15 hippogriffs (D:9 D:11 Lair:2 Lair:4 Lair:5) A mottled dragon (D:11) 12 wargs (D:12 Orc:4) 31 nagas (Snake:1 Snake:2 Snake:3 Snake:4) 11 water moccasins (Lair:1 Lair:2 Lair:3 Lair:6 Lair:8) The ghost of Kelyas the Charmwright, an average SpSk (D:3) 19 porcupines (Lair:1 Lair:2 Lair:3 Lair:4 Lair:5) 2 ice beasts (D:8 D:14) A swamp drake (Orc:2) 33 orc warriors (D:6 D:7 D:8 D:12 Bailey) 3 black bears (D:9 Lair:3 D:13) 5 boggarts (D:15) 10 ogres (D:4 D:6 D:7 D:8 D:10) 21 centaurs (D:5 D:6 D:9 D:11 Lair:3) 4 sky beasts (D:12 D:13 D:14) 12 crocodiles (Lair:3 Lair:4 Lair:5 Lair:6 Lair:7) A wasp (D:9) 4 big kobolds (D:8 D:14) 39 giant frogs (D:6 D:7 D:8 D:9 Lair:1) 3 scorpions (D:6 D:10 D:12) 6 killer bees (D:12 D:13) 6 electric eels (Lair:7 Lair:8) 20 orc priests (D:8 D:7 D:12 Orc:1 Orc:2) 11 jellies (D:4 D:7 D:10 Lair:7 D:12) 5 hounds (D:5 D:8 D:9 D:12) 28 orc wizards (D:5 D:7 D:8 D:12 D:14) 12 iguanas (D:5 D:7 D:8 Lair:3 Lair:4) 47 worker ants (D:4 D:5 D:7 D:8 D:9) 14 sheep (D:8 Lair:1 Lair:3 Lair:6) 9 gnolls (D:2 D:3 Bailey) 51 river rats (Lair:3 Lair:2 Lair:4 Lair:5 Lair:6) 12 adders (D:3 D:4 D:5 D:6 D:8) 5 oozes (D:4 Lair:7) 2 worms (D:2 D:3) 9 giant geckos (D:2 D:4 D:5 D:9 D:10) 173 orcs (D:3 D:4 D:5 D:6 D:7) 6 giant cockroaches (D:2 D:3 D:4 D:6) 15 goblins (D:1 D:2 D:3 Bailey) 18 hobgoblins (D:1 D:2 D:3 Bailey Orc:2) 9 jackals (D:1 D:3 D:8 D:11) 3 quokkas (D:4 D:8) 16 bats (D:1 D:2 D:3 D:5) 6 giant newts (D:1 D:2 D:3 D:4 D:5) 35 kobolds (D:1 D:2 D:3 Bailey D:14) 9 rats (D:1 D:2 D:3)
1255 creatures vanquished. Non-Living Monsters 5 gargoyles (Lab D:12 D:14 D:15)
5 creatures vanquished. Undead Monsters A minotaur zombie (Lab) 2 centaur simulacra (D:14 D:15) 7 wraiths (D:11 D:14 Snake:1) 2 shadows (D:13 D:14) 3 hungry ghosts (D:10 D:11) 14 vampire mosquitoes (Lair:8 Lair:7 D:13 D:14) A phantom (D:12) 2 necrophages (D:6 D:15) A water moccasin zombie (D:11) 2 wyvern skeletons (D:10 D:13) 5 wights (D:9) 6 centaur zombies (D:6 D:10 D:11 D:14) A giant frog zombie (D:11) 3 giant frog skeletons (D:11 D:12 D:13) 7 centaur skeletons (D:4 D:10 D:14 D:15) A killer bee zombie (D:11) 5 big kobold zombies (Ossuary) A hound zombie (D:8) A mummy (Ossuary) A worker ant zombie (D:9) 2 adder skeletons (D:3 D:9) 8 spectral bats (Ossuary) 7 gnoll zombies (Ossuary) 4 bat simulacra (Ossuary) 2 giant gecko skeletons (D:4) A giant gecko zombie (D:7) 4 goblin simulacra (Ossuary) 4 goblin zombies (Ossuary) 6 hobgoblin zombies (Ossuary) A jackal zombie (D:6) 2 kobold simulacra (Ossuary) A kobold zombie (Ossuary) 7 orc zombies (Ossuary) A quokka zombie (D:7) 2 rat simulacra (Ossuary) A spectral goblin (Ossuary) 6 spectral kobolds (Ossuary) 4 spectral rats (Ossuary)
129 creatures vanquished. Demonic Monsters An efreet (D:13) 8 crimson imps (D:5 D:7 D:8 D:11 D:12) An iron imp (Orc:2) A white imp (Orc:2) 5 shadow imps (D:9 D:11 D:12 D:13 Orc:2)
16 creatures vanquished. Plants An oklob plant (Lair:1) 4 bushes (Lair:1 Lair:3) 3 fungi (Lair:3 Lair:7) 7 plants (D:10 Lair:3 Lair:7 Lair:8)
15 creatures vanquished.
1434 creatures vanquished. Ascending Order Norris (Snake:3) A stone giant (Orc:3) Nessos (Lair:8) A deep elf annihilator (Orc:4) The ghost of porpoise the Thaumaturge, a powerful DECj of Vehumet (Orc:4) Snorg (Orc:4) A vault guard (D:14) A minotaur (Lab) Josephine (Snake:1) Harold (D:11) A queen ant (D:12) A tengu warrior (D:13) An orc high priest (Orc:4) Nergalle (Orc:4) A salamander mystic (Snake:1) The ghost of moarrgan the Skirmisher, an experienced MiBe of Trog (D:6) An orc sorcerer (Orc:4) A wizard (D:15) An oklob plant (Lair:1) An elephant (shapeshifter) (D:15) Maurice (Orc:4) A torpor snail (Lair:6) An efreet (D:13) A minotaur zombie (Lab) A raiju (shapeshifter) (D:15) A polar bear (Lair:3) Grinder (D:5) Prince Ribbit (D:5) Sigmund (D:5) A spriggan (Lair:3) Menkaure (D:4) A mottled dragon (D:11) Duvessa (D:7) The ghost of Kelyas the Charmwright, an average SpSk (D:3) A swamp drake (Orc:2) A phantom (D:12) A wasp (D:9) A water moccasin zombie (D:11) Dowan (D:7) A giant frog zombie (D:11) Crazy Yiuf (D:6) An iron imp (Orc:2) A killer bee zombie (D:11) A hound zombie (D:8) A worker ant zombie (D:9) A mummy (Ossuary) A white imp (Orc:2) A kobold zombie (Ossuary) A quokka zombie (D:7) A spectral goblin (Ossuary) A jackal zombie (D:6) A giant gecko zombie (D:7) 2 greater nagas (Snake:2 Snake:3) 2 unseen horrors (D:14 D:15) 2 two-headed ogres (D:10 D:12) 2 jumping spiders (shapeshifter) (D:15) 2 wyverns (D:14 D:15) 2 centaur simulacra (D:14 D:15) 2 shadows (D:13 D:14) 2 ice beasts (D:8 D:14) 2 necrophages (D:6 D:15) 2 wyvern skeletons (D:10 D:13) 2 worms (D:2 D:3) 2 adder skeletons (D:3 D:9) 2 kobold simulacra (Ossuary) 2 giant gecko skeletons (D:4) 2 rat simulacra (Ossuary) 3 manticores (D:13 D:14 D:15) 3 fire drakes (Lair:2 Lair:5 Lair:8) 3 hungry ghosts (D:10 D:11) 3 black bears (D:9 Lair:3 D:13) 3 scorpions (D:6 D:10 D:12) 3 giant frog skeletons (D:11 D:12 D:13) 3 quokkas (D:4 D:8) 3 fungi (Lair:3 Lair:7) 4 shock serpents (Snake:2 Snake:3) 4 naga ritualists (Snake:1 Snake:2 Snake:3) 4 merfolk (Lair:4) 4 giant leeches (Lair:7 Lair:8) 4 sky beasts (D:12 D:13 D:14) 4 big kobolds (D:8 D:14) 4 spectral rats (Ossuary) 4 bat simulacra (Ossuary) 4 goblin simulacra (Ossuary) 4 goblin zombies (Ossuary) 4 bushes (Lair:1 Lair:3) 5 orc knights (D:12 Orc:2 Orc:4) 5 griffons (Lair:3 Lair:5 Lair:6 D:15) 5 gargoyles (Lab D:12 D:14 D:15) 5 deep elf magi (D:13 Orc:2 D:15) 5 boggarts (D:15) 5 wights (D:9) 5 hounds (D:5 D:8 D:9 D:12) 5 big kobold zombies (Ossuary) 5 shadow imps (D:9 D:11 D:12 D:13 Orc:2) 5 oozes (D:4 Lair:7) 6 centaur warriors (D:11 D:13 D:15) 6 naga sharpshooters (Snake:1 Snake:2 Snake:3) 6 hill giants (D:10 D:12 D:13 D:15) 6 cyclopes (D:11 D:13 D:14 D:15) 6 guardian serpents (Lair:3 Snake:1 Snake:2 Snake:3) 6 basilisks (Lair:2 Lair:4 Lair:6 Lair:7) 6 killer bees (D:12 D:13) 6 electric eels (Lair:7 Lair:8) 6 centaur zombies (D:6 D:10 D:11 D:14) 6 giant cockroaches (D:2 D:3 D:4 D:6) 6 spectral kobolds (Ossuary) 6 hobgoblin zombies (Ossuary) 6 giant newts (D:1 D:2 D:3 D:4 D:5) 7 slime creatures (D:13 D:15) 7 wraiths (D:11 D:14 Snake:1) 7 centaur skeletons (D:4 D:10 D:14 D:15) 7 gnoll zombies (Ossuary) 7 orc zombies (Ossuary) 7 plants (D:10 Lair:3 Lair:7 Lair:8) 8 trolls (D:10 D:12 D:13 Orc:2 Orc:4) 8 crimson imps (D:5 D:7 D:8 D:11 D:12) 8 spectral bats (Ossuary) 9 salamanders (Snake:1 Snake:2 Snake:3) 9 gnolls (D:2 D:3 Bailey) 9 giant geckos (D:2 D:4 D:5 D:9 D:10) 9 jackals (D:1 D:3 D:8 D:11) 9 rats (D:1 D:2 D:3) 10 ogres (D:4 D:6 D:7 D:8 D:10) 11 water moccasins (Lair:1 Lair:2 Lair:3 Lair:6 Lair:8) 11 jellies (D:4 D:7 D:10 Lair:7 D:12) 12 death yaks (Lair:4 Lair:6 Lair:8) 12 mana vipers (Snake:2 Snake:1 Snake:3) 12 wargs (D:12 Orc:4) 12 crocodiles (Lair:3 Lair:4 Lair:5 Lair:6 Lair:7) 12 iguanas (D:5 D:7 D:8 Lair:3 Lair:4) 12 adders (D:3 D:4 D:5 D:6 D:8) 13 hydras (D:8 Lair:2 Lair:3 Lair:4 Lair:6) 13 anacondas (Snake:1 Snake:2 Snake:3) 14 soldier ants (D:12) 14 vampire mosquitoes (Lair:8 Lair:7 D:13 D:14) 14 sheep (D:8 Lair:1 Lair:3 Lair:6) 15 hippogriffs (D:9 D:11 Lair:2 Lair:4 Lair:5) 15 goblins (D:1 D:2 D:3 Bailey) 16 naga warriors (Snake:2 Snake:1 Snake:3) 16 naga magi (Snake:1 Snake:2 Snake:3) 16 komodo dragons (Lair:1 Lair:3 Lair:4 Lair:5 Lair:6) 16 bats (D:1 D:2 D:3 D:5) 18 hobgoblins (D:1 D:2 D:3 Bailey Orc:2) 19 porcupines (Lair:1 Lair:2 Lair:3 Lair:4 Lair:5) 20 orc priests (D:8 D:7 D:12 Orc:1 Orc:2) 21 centaurs (D:5 D:6 D:9 D:11 Lair:3) 23 elephants (Lair:5 Lair:6 Lair:7) 23 wolves (Lair:3 Lair:7) 24 ugly things (D:11 D:14 D:15) 26 spiny frogs (Lair:1 Lair:2 Lair:3 Lair:4 Lair:5) 28 orc wizards (D:5 D:7 D:8 D:12 D:14) 31 nagas (Snake:1 Snake:2 Snake:3 Snake:4) 33 orc warriors (D:6 D:7 D:8 D:12 Bailey) 35 kobolds (D:1 D:2 D:3 Bailey D:14) 39 black mambas (Lair:1 Lair:3 Lair:7 Lair:8 Snake:1) 39 giant frogs (D:6 D:7 D:8 D:9 Lair:1) 40 blink frogs (Lair:1 Lair:2 Lair:3 Lair:4 Lair:5) 47 worker ants (D:4 D:5 D:7 D:8 D:9) 51 river rats (Lair:3 Lair:2 Lair:4 Lair:5 Lair:6) 89 yaks (D:8 D:9 D:10 D:11 Lair:1) 173 orcs (D:3 D:4 D:5 D:6 D:7)
1434 creatures vanquished. The 3-digit Club 173 orcs (D:3 D:4 D:5 D:6 D:7)
173 creatures vanquished. ----------------------------------------

Vanquished Creatures (collateral kills)
  Monster Symbol All 'S'
  A water moccasin (D:14)
1 creature vanquished. All 'o' An orc (Orc:4)
1 creature vanquished.
2 creatures vanquished. Monster Nature Natural Monsters A water moccasin (D:14) An orc (Orc:4)
2 creatures vanquished.
2 creatures vanquished. Ascending Order A water moccasin (D:14) An orc (Orc:4)
2 creatures vanquished. ----------------------------------------

Vanquished Creatures (others)
  Monster Symbol All 'P'
  33 fungi (Lair:2 Lair:3 Lair:4 Lair:6 Lair:7)
  12 plants (Lair:2 Lair:3 Lair:5 Lair:6 Lair:7)
45 creatures vanquished. All 'T' A troll (Orc:4)
1 creature vanquished.
46 creatures vanquished. Monster Nature Natural Monsters A troll (Orc:4)
1 creature vanquished. Plants 33 fungi (Lair:2 Lair:3 Lair:4 Lair:6 Lair:7) 12 plants (Lair:2 Lair:3 Lair:5 Lair:6 Lair:7)
45 creatures vanquished.
46 creatures vanquished. Ascending Order A troll (Orc:4) 12 plants (Lair:2 Lair:3 Lair:5 Lair:6 Lair:7) 33 fungi (Lair:2 Lair:3 Lair:4 Lair:6 Lair:7)
46 creatures vanquished. ----------------------------------------

Grand Total: 1482 creatures vanquished

Notes
Turn   | Place    | Note
--------------------------------------------------------------
     0 | D:1      | Daisuki the Naga Wizard began the quest for the Orb.
     0 | D:1      | Reached XP level 1. HP: 15/15 MP: 4/4
   199 | D:1      | Reached skill level 2 in Conjurations
   199 | D:1      | Reached XP level 2. HP: 22/22 MP: 4/6
   656 | D:1      | Reached XP level 3. HP: 28/28 MP: 4/7
   672 | D:1      | Learned a level 3 spell: Mephitic Cloud
   676 | D:1      | Learned a level 3 spell: Conjure Flame
   883 | D:2      | Reached skill level 3 in Conjurations
  1090 | D:2      | Reached skill level 1 in Poison Magic
  1132 | D:2      | Found an iron altar of Okawaru.
  1292 | D:2      | Reached skill level 1 in Fire Magic
  1349 | D:2      | Reached XP level 4. HP: 36/36 MP: 8/8
  1377 | D:2      | Learned a level 2 spell: Repel Missiles
  1518 | D:2      | Reached skill level 1 in Air Magic
  2013 | D:3      | Reached XP level 5. HP: 42/42 MP: 9/9
  2135 | D:3      | Reached skill level 2 in Poison Magic
  2539 | D:3      | Noticed Kelyas's ghost (average SpSk)
  2864 | D:3      | Reached skill level 2 in Fire Magic
  3037 | D:3      | Killed Kelyas's ghost
  3037 | D:3      | Reached XP level 6. HP: 19/49 MP: 5/11
  3290 | D:3      | Reached skill level 2 in Air Magic
  3433 | D:4      | Reached skill level 3 in Poison Magic
  3561 | D:4      | Found a viscous altar of Jiyva.
  3571 | D:4      | Reached skill level 3 in Fire Magic
  3736 | D:4      | Found a bloodstained altar of Trog.
  3848 | D:4      | Reached skill level 4 in Spellcasting
  3848 | D:4      | Reached XP level 7. HP: 55/55 MP: 11/13
  3852 | D:4      | Learned a level 2 spell: Blink
  4192 | D:4      | Noticed Menkaure
  4201 | D:4      | Killed Menkaure
  4201 | D:4      | Reached skill level 4 in Conjurations
  4519 | D:5      | Entered Level 5 of the Dungeon
  4674 | D:5      | Reached skill level 4 in Fire Magic
  4674 | D:5      | Reached skill level 4 in Poison Magic
  4692 | D:5      | Reached skill level 3 in Air Magic
  4692 | D:5      | Reached XP level 8. HP: 45/62 MP: 12/14
  4734 | D:5      | Found a sacrificial altar of Ru.
  4845 | D:5      | Noticed Prince Ribbit
  5126 | D:5      | Noticed Grinder
  5150 | D:5      | Paralysed by Grinder for 4 turns
  5167 | D:5      | Killed Grinder
  5307 | D:5      | Noticed Sigmund
  5323 | D:5      | Killed Sigmund
  5323 | D:5      | Reached skill level 5 in Spellcasting
  5323 | D:5      | Reached skill level 5 in Conjurations
  5323 | D:5      | Reached skill level 5 in Poison Magic
  5341 | D:5      | Reached skill level 5 in Fire Magic
  5359 | D:5      | Killed Prince Ribbit
  5539 | D:6      | Reached XP level 9. HP: 57/68 MP: 16/17
  5542 | D:6      | Reached skill level 6 in Spellcasting
  5548 | D:6      | Got a pitted dire flail
  5549 | D:6      | Identified the +3 dire flail "Ezuyvatt" {elec, rF- Str+9 Stlth-} (You found it on level 6 of the Dungeon)
  5679 | D:6      | Noticed moarrgan's ghost (experienced MiBe)
  5691 | D:6      | Killed moarrgan's ghost
  5691 | D:6      | Reached skill level 6 in Conjurations
  5691 | D:6      | Reached skill level 6 in Fire Magic
  5797 | D:6      | Found Ziasas's Food Boutique.
  5803 | D:6      | Found a sand-covered staircase.
  5824 | Ossuary  | Entered an ossuary
  6092 | Ossuary  | Reached skill level 7 in Spellcasting
  6741 | D:6      | Found a staircase to the Ecumenical Temple.
  6750 | Temple   | Entered the Ecumenical Temple
  6821 | Temple   | Became a worshipper of Sif Muna the Loreminder
  6883 | D:6      | Noticed Crazy Yiuf
  6897 | D:6      | Killed Crazy Yiuf
  7132 | D:7      | Noticed Duvessa
  7132 | D:7      | Noticed Dowan
  7144 | D:7      | Killed Dowan
  7160 | D:7      | Killed Duvessa
  7320 | D:7      | Reached skill level 7 in Fire Magic
  7355 | D:7      | Acquired Sif Muna's first power
  7798 | D:7      | Reached XP level 10. HP: 69/75 MP: 21/21
  8008 | D:8      | Reached skill level 7 in Conjurations
  8015 | D:8      | Reached skill level 8 in Spellcasting
  8027 | D:7      | Reached skill level 1 in Invocations
  8417 | D:8      | Reached skill level 2 in Invocations
  8619 | D:8      | Found Rouque's Weapon Shop.
  8896 | D:8      | Reached skill level 3 in Invocations
  8904 | D:8      | Noticed a three-headed hydra
  8919 | D:8      | Killed a three-headed hydra
  8919 | D:8      | Acquired Sif Muna's second power
  8919 | D:8      | Reached skill level 9 in Spellcasting
  9681 | D:9      | Reached skill level 4 in Invocations
 10333 | D:9      | Reached skill level 8 in Fire Magic
 10344 | D:9      | Reached skill level 8 in Conjurations
 10499 | D:9      | Got a brightly glowing helmet
 10510 | D:9      | Identified the +1 helmet of Ozuteup {rF+ Int-2 Stlth+} (You found it on level 9 of the Dungeon)
 10741 | D:9      | Reached XP level 11. HP: 81/81 MP: 18/24
 10793 | D:9      | Reached skill level 5 in Invocations
 11018 | D:10     | Entered Level 10 of the Dungeon
 11113 | D:10     | Noticed a hill giant
 11125 | D:10     | Killed a hill giant
 11524 | D:10     | Found a staircase to the Lair.
 11644 | Lair:1   | Entered Level 1 of the Lair of Beasts
 11662 | Lair:1   | Identified a book of Frost
 11720 | Lair:1   | Learned a level 4 spell: Throw Icicle
 12479 | D:10     | Noticed a hill giant
 12495 | D:10     | Killed a hill giant
 12495 | D:10     | Reached skill level 6 in Invocations
 12670 | D:10     | Found Viap's Jewellery Shop.
 12808 | D:10     | Reached skill level 9 in Conjurations
 13180 | D:10     | Reached skill level 9 in Fire Magic
 13372 | D:11     | Acquired Sif Muna's third power
 13468 | D:11     | Found a bloodstained altar of Trog.
 13920 | D:11     | Noticed Harold
 13942 | D:11     | Killed Harold
 13942 | D:11     | Reached skill level 10 in Spellcasting
 14119 | D:11     | Reached skill level 7 in Invocations
 14152 | D:11     | Noticed a centaur warrior
 14280 | D:11     | Killed a centaur warrior
 14280 | D:11     | Reached XP level 12. HP: 74/88 MP: 26/26
 15104 | D:11     | Reached skill level 8 in Invocations
 15527 | Lair:1   | Identified a book of the Tempests
 15534 | Lair:1   | Learned a level 5 spell: Fireball
 15540 | Lair:1   | Learned a level 5 spell: Lightning Bolt
 15554 | Lair:1   | Reached skill level 1 in Fighting
 15554 | Lair:1   | Reached skill level 10 in Conjurations
 15562 | Lair:1   | Reached skill level 10 in Fire Magic
 15940 | Lair:1   | Reached skill level 2 in Fighting
 16807 | Lair:2   | Reached skill level 3 in Fighting
 16807 | Lair:2   | Reached skill level 11 in Spellcasting
 16877 | Lair:2   | Noticed a five-headed hydra
 16885 | Lair:2   | Killed a five-headed hydra
 17385 | Lair:2   | Received a gift from Sif Muna
 17386 | Lair:2   | Identified Sif Muna's Volume of Battle Magic {god gift} (Sif Muna gifted it to you on level 2 of the Lair of Beasts)
 17389 | Lair:2   | Learned a level 1 spell: Flame Tongue
 17391 | Lair:2   | Learned a level 1 spell: Shock
 17496 | Lair:2   | Gained mutation: You can use your snake-like lower body to constrict enemies. [Naga growth]
 17496 | Lair:2   | Reached XP level 13. HP: 105/105 MP: 1/28
 17582 | Lair:2   | Reached skill level 4 in Fighting
 17873 | Lair:3   | Found a labyrinth entrance.
 17899 | Lab      | Entered a labyrinth
 17977 | Lab      | Noticed a minotaur
 17988 | Lab      | Killed a minotaur
 18016 | Lab      | Identified a Fen Folio
 18016 | Lab      | Identified a book of the Warp
 18178 | Lair:3   | Found a staircase to the Snake Pit.
 18339 | Lair:1   | Received a gift from Sif Muna
 18339 | Lair:1   | Reached skill level 5 in Fighting
 18339 | Lair:1   | Reached skill level 12 in Spellcasting
 18339 | Lair:1   | Reached skill level 11 in Conjurations
 18339 | Lair:1   | Reached skill level 11 in Fire Magic
 18339 | Lair:1   | Reached XP level 14. HP: 114/118 MP: 30/30
 18340 | Lair:1   | Identified Sif Muna's Incunabulum of Heat and Attacks {god gift} (Sif Muna gifted it to you on level 1 of the Lair of Beasts)
 18366 | Lair:1   | Learned a level 6 spell: Bolt of Fire
 18372 | Lair:1   | Learned a level 5 spell: Bolt of Magma
 18377 | Lair:1   | Learned a level 4 spell: Sticky Flame
 18607 | Lair:3   | Reached skill level 6 in Fighting
 20563 | Lair:4   | Found a staircase to the Shoals.
 20672 | Lair:4   | Identified a book of Beasts
 20705 | Lair:4   | Reached skill level 13 in Spellcasting
 20708 | Lair:4   | Reached skill level 7 in Fighting
 21142 | Lair:4   | Reached skill level 12 in Conjurations
 21560 | Lair:5   | Reached XP level 15. HP: 105/129 MP: 18/32
 21680 | Lair:5   | Received a gift from Sif Muna
 21681 | Lair:5   | Identified Sif Muna's Grimoire of Confrontation {god gift} (Sif Muna gifted it to you on level 5 of the Lair of Beasts)
 21690 | Lair:5   | Learned a level 7 spell: Delayed Fireball
 21919 | Lair:5   | Reached skill level 12 in Fire Magic
 22724 | Lair:5   | Reached skill level 1 in Charms
 23197 | Lair:6   | Reached skill level 2 in Charms
 23275 | Lair:6   | Found a runed door.
 23382 | Lair:6   | Reached skill level 8 in Fighting
 24131 | Lair:6   | Identified a book of the Sky
 24233 | Lair:6   | Reached skill level 14 in Spellcasting
 24438 | Lair:6   | Reached skill level 3 in Charms
 24438 | Lair:6   | Reached skill level 1 in Evocations
 24863 | Lair:7   | Found a staircase to the Slime Pits.
 24919 | Lair:7   | Reached skill level 2 in Evocations
 25549 | Lair:7   | Reached skill level 4 in Charms
 25556 | Lair:7   | Received a gift from Sif Muna
 25557 | Lair:7   | Identified a book of Maledictions {god gift} (Sif Muna gifted it to you on level 7 of the Lair of Beasts)
 25787 | Lair:7   | Reached skill level 3 in Evocations
 26603 | Lair:8   | Entered Level 8 of the Lair of Beasts
 27174 | Lair:8   | HP: 6/132 [blink frog (8)]
 27703 | Lair:7   | Reached XP level 16. HP: 140/140 MP: 20/34
 27704 | Lair:7   | Reached skill level 5 in Charms
 27752 | Lair:8   | Reached skill level 4 in Evocations
 27873 | Lair:8   | Reached skill level 13 in Conjurations
 28035 | Lair:8   | Noticed Nessos
 28038 | Lair:8   | Killed Nessos
 28115 | Lair:8   | Identified the Volume of Curses
 28562 | Lair:8   | Reached skill level 15 in Spellcasting
 28774 | Lair:8   | Reached skill level 5 in Evocations
 30094 | Lair:1   | Upgraded the game from 0.17-a0-1648-g0a089d4 to 0.17-a0-1651-gae1a69f
 30235 | D:12     | Received a gift from Sif Muna
 30239 | D:12     | Identified Sif Muna's Guide on Attacks and the Blaze {god gift} (Sif Muna gifted it to you on level 12 of the Dungeon)
 30287 | D:12     | Noticed a queen ant
 30308 | D:12     | Killed a queen ant
 30520 | D:12     | Daisuki: Hello.
 30542 | D:12     | Reached skill level 6 in Charms
 30562 | D:12     | Daisuki: Tell me if you want to see something.
 30589 | D:12     | Found a staircase to the Orcish Mines.
 30645 | D:12     | braveplatypus: oh hi
 30660 | D:12     | braveplatypus: just hanging out between my own runs
 30812 | D:12     | braveplatypus: scummed the abyss for some nice dragon armour but i got killed by an ogre who got an extra square of movement from random energy
 30812 | D:12     | Daisuki: From random energy?
 30812 | D:12     | Daisuki: It wasn't just normal anti-dancing movement?
 30846 | D:12     | Identified a book of Hinderance
 30847 | D:12     | braveplatypus: yah how fast you move and how fast they move is slightly random
 30872 | D:12     | braveplatypus: sometimes you can back up and they will just gain or lose a square
 30872 | D:12     | braveplatypus: or move then hit
 30944 | D:12     | Daisuki: That's what I meant...you called it random energy, though.
 31130 | D:12     | braveplatypus: i've heard that mechanic referred to as that i guess calling it random move speed makes more sense
 31180 | D:12     | Noticed a six-headed hydra
 31181 | D:12     | braveplatypus: not that it's anything that this naga needs to be thinking about
 31184 | D:12     | Killed a six-headed hydra
 31216 | D:12     | braveplatypus: he's slower no matter what the roll is
 31216 | D:12     | Daisuki: Yeah, I can't flee anyway.
 31216 | D:12     | Daisuki: Well, maybe from worms or something.
 31216 | D:12     | Daisuki: Snails at least.
 31216 | D:12     | Daisuki: If not torpor snails...
 31336 | D:13     | braveplatypus: haha
 31336 | D:13     | braveplatypus: if its me i go right back up and find another way down
 31336 | D:13     | Daisuki: Woo these stairs.
 31336 | D:13     | braveplatypus: but i guess you could try pulling some
 31336 | D:13     | Daisuki: Yeah, was considering...I need to switch browsers really.
 31336 | D:13     | Daisuki: It keeps freezing.
 31336 | D:13     | Daisuki: I'll decide soon.
 31336 | D:13     | Daisuki: I'm back... ;p
 31580 | D:13     | Found a flagged portal.
 31703 | Bailey   | Entered a bailey
 32092 | Bailey   | braveplatypus: +2 cloak of invis aww yahhh
 32093 | Bailey   | Daisuki: ;p
 32170 | Bailey   | Daisuki: I hoped for a much better bailey.
 32185 | Bailey   | Daisuki: Pity I can't get the randart axe.
 32185 | Bailey   | Daisuki: It doesn't even appear among listed items here...
 32185 | Bailey   | braveplatypus: i'd rather have an unenchanted broad
 32185 | Bailey   | braveplatypus: that shits op
 32185 | Bailey   | Daisuki: Sure, but I'm not a real axe-user.
 32185 | Bailey   | Daisuki: It could have MR++ or something.
 32332 | D:13     | Reached skill level 6 in Evocations
 33394 | D:14     | Got a polished quarterstaff
 33521 | D:14     | Found a glowing silver altar of Zin.
 33558 | D:14     | Identified a scroll of acquirement
 33561 | D:14     | Daisuki: Woo acquired !HW !
 34205 | D:13     | Daisuki: That floor ended up being way too hard.
 34252 | Orc:1    | Entered Level 1 of the Orcish Mines
 34272 | Orc:1    | braveplatypus: i usually do orc before lair
 34272 | Orc:1    | Daisuki: I do Lair first...
 34272 | Orc:1    | Daisuki: I already did it.
 34272 | Orc:1    | Daisuki: Orc has no XP anyway.
 34272 | Orc:1    | Daisuki: But can be dangerous.
 34293 | Orc:1    | braveplatypus: i mean it depends on what you're running
 34300 | Orc:1    | Daisuki: Well, you need a way to defeat hydras and stuff.
 34375 | Orc:1    | braveplatypus: venom mage is the classic example as something that might want to do orc first
 34479 | Orc:1    | Daisuki: I guess in fairness I do have Mephitic Cloud.
 34479 | Orc:1    | Daisuki: I just always do Lair first...I like XP.
 34479 | Orc:1    | Found Kugyelob's Magic Scroll Shop.
 34894 | Orc:2    | braveplatypus: i only win with easy combos that can clear either or without much trouble XD
 35173 | Orc:2    | Got a steaming robe
 35359 | Lair:1   | Identified the cursed +1 robe "Riqun" {rF+ Str+2 Stlth+} (You took it off a deep elf mage on level 2 of the Orcish Mines)
 35359 | Lair:1   | Identified the +5 quarterstaff "Jawesch" {antimagic, Str+2} (You found it on level 14 of the Dungeon)
 35416 | Lair:1   | Daisuki: Do you think I should try for Fire Storm or Controlled Blink first?
 35657 | Orc:2    | braveplatypus: i dont go beyond low level hexs and charms at least not on any of the games i did well in
 35657 | Orc:2    | Daisuki: No Fire Storm in any games?
 35795 | Orc:2    | braveplatypus: level 3 is as far as i ever got
 35795 | Orc:2    | Daisuki: Are you a new player?
 35804 | Orc:2    | braveplatypus: you can click my name
 35804 | Orc:2    | Daisuki: So mainly 3-4 rune games?
 35804 | Orc:2    | Daisuki: I always want 15, so I lose strong characters.
 35804 | Orc:2    | braveplatypus: i want to do a 15 at some point but i want to win all the races first
 35870 | Orc:2    | Daisuki: You like variety a lot, then?
 35870 | Orc:2    | Daisuki: I like learning fewer combos, although I can play casters, hybrids, melee, and ranged.
 35907 | Orc:2    | braveplatypus: human is really hard which is why i was trying to get a head start in the abyss i figures humans ability to use pretty much any strong item i could get my hands on would be one of the few ways to exploit humans "strength"
 35928 | Orc:2    | Daisuki: Human shouldn't be hard...
 35928 | Orc:2    | Daisuki: What's the issue with human?
 35928 | Orc:2    | Daisuki: I've never played them because they seem boring to me, but they should be fine.
 35928 | Orc:2    | Daisuki: Anyway, long term aptitudes are what count...especially HP aptitude.
 36013 | Orc:2    | braveplatypus: the race i am most comfortable with is definitely kobold i have no problems with -hp
 36013 | Orc:2    | Daisuki: -HP is easier early on, IMO.
 36013 | Orc:2    | Daisuki: Later on when you run into lots of powerful attacks you can't resist with AC it hurts...
 36177 | Orc:3    | Daisuki: Especially torment and hellfire.
 36291 | Orc:3    | Daisuki: Random stone giant...but it's not even "extremely dangerous".
 36293 | Orc:3    | Received a gift from Sif Muna
 36297 | Orc:3    | braveplatypus: you dont have to deal with much of that if you're just looking to get the orb out
 36297 | Orc:3    | Identified a book of Conjurations {god gift} (Sif Muna gifted it to you on level 3 of the Orcish Mines)
 36600 | Orc:3    | braveplatypus: the problem i have trouble adjusting to is size all i have left in the smaller then normal category are felids but my og are tr runs are shorter then my suicide splats in the abyss
 36600 | Orc:3    | Daisuki: You struggle when not having much you can equip, then?
 36600 | Orc:3    | Daisuki: Well, you can be a stabber or a transmuter as a felid, or you could just be a caster...
 36600 | Orc:3    | braveplatypus: i can do spriggan just fine
 36600 | Orc:3    | Daisuki: But felid is bad?
 36600 | Orc:3    | braveplatypus: i'm working on my felid haha
 36600 | Orc:3    | braveplatypus: it's the unarmed part that gets me
 36607 | Orc:4    | Entered Level 4 of the Orcish Mines
 36666 | Orc:4    | braveplatypus: like if felids could use blowguns haha
 36666 | Orc:4    | Daisuki: Do you generally not do pure casters?
 36666 | Orc:4    | braveplatypus: i've tried a few
 36729 | Orc:4    | braveplatypus: but obviously to not much success
 36729 | Orc:4    | Reached XP level 17. HP: 146/146 MP: 32/36
 36734 | Orc:4    | Daisuki: Have you tried FE, then?
 36734 | Orc:4    | Daisuki: And which god do you worship?
 36744 | Orc:4    | Noticed porpoise's ghost (powerful DECj)
 36745 | Orc:4    | Noticed Saint Roka
 36746 | Orc:4    | Daisuki: Saint Roka... ;p
 36746 | Orc:4    | braveplatypus: this is the part where the blowgun carries me
 36746 | Orc:4    | Daisuki: Orc is where?
 36746 | Orc:4    | Daisuki: Anyway, I'd need 6 BoFs to hit on average.
 36746 | Orc:4    | braveplatypus: saint roka on the edge of my vision
 36746 | Orc:4    | Daisuki: So I might need like 48 MP.
 36746 | Orc:4    | braveplatypus: you are slow
 36746 | Orc:4    | braveplatypus: but the stairs are pretty close
 36746 | Orc:4    | Daisuki: Yeah, I have to retreat regardless.
 36748 | Orc:4    | braveplatypus: wow
 36755 | Orc:4    | braveplatypus: and he actually has some nasty spells
 36760 | Orc:3    | Daisuki: Ghost I wanted to try, but... ;p
 37022 | Orc:3    | braveplatypus: that drain is huge
 37022 | Orc:3    | Daisuki: I've had worse...
 37022 | Orc:3    | Daisuki: But yeah, the player ghost wasn't what I needed then.
 37022 | Orc:3    | Daisuki: Pity Sif won't give me OoD.
 37022 | Orc:3    | Daisuki: I should be able to win if I can face SR alone.
 37022 | Orc:3    | Daisuki: At least using stuff like haste and magic.
 37022 | Orc:3    | Daisuki: Magic is precious but it's not super-rare, and later on I'll have lichform and better channeling anyway.
 37022 | Orc:3    | Daisuki: Ambrosia can work if I can go up stairs alone.
 37047 | Orc:4    | braveplatypus: well you know i'd ctrl f curare
 37047 | Orc:4    | Daisuki: Haven't found a blowgun anyway.
 37048 | Orc:4    | braveplatypus: that's rough
 37049 | Orc:4    | Daisuki: I let the troll take the OoD from the ghost. :)
 37088 | Orc:3    | braveplatypus: watch out for his fire attack your flail is not helping
 37109 | Orc:3    | Daisuki: I have rF+ anyway.
 37109 | Orc:3    | Daisuki: Pity the ghost is also so mean.
 37109 | Orc:3    | Daisuki: I hope SR stays away until it's dead.
 37114 | Orc:4    | Killed porpoise's ghost
 37114 | Orc:4    | Reached skill level 16 in Spellcasting
 37115 | Orc:4    | Daisuki: Pretty good drain now.
 37115 | Orc:4    | braveplatypus: he's dead but you're crippled
 37119 | Orc:4    | Daisuki: I'm not really crippled IMO.
 37119 | Orc:4    | Daisuki: Still 75+ power on BoF.
 37119 | Orc:4    | Daisuki: Well, 8% failure is a pain, but whatever.
 37119 | Orc:4    | Daisuki: I've been using it since below this skill level.
 37211 | Orc:4    | Found a staircase to the Elven Halls.
 37542 | Orc:4    | Reached skill level 7 in Charms
 37586 | Orc:3    | Daisuki: So much draining...
 37789 | Orc:4    | Noticed Snorg
 37796 | Orc:4    | Killed Snorg
 38212 | Orc:4    | Daisuki: 50 damage from smiting...what. ;p
 38222 | Orc:3    | Daisuki: I guess I really need OoD.
 38362 | Lair:1   | Daisuki: Maybe I should work towards Fire Storm...but CBlink is really good, too...
 38362 | Lair:1   | Daisuki: Well, either way I need XP.
 38362 | Lair:1   | Daisuki: I guess I can try Snake...
 38392 | Lair:1   | braveplatypus: mission objectives are the then 1 - find a blowgun 2 - hit mindelay
 38402 | Lair:1   | Daisuki: ;p
 38402 | Lair:1   | Daisuki: Nah, I just need better spells.
 38402 | Lair:1   | Daisuki: I know blowguns can be great early, but he does have 200 HP and high ranged damage.
 38500 | Snake:1  | Entered Level 1 of the Snake Pit
 38600 | Snake:1  | braveplatypus: naga barding city good choice
 38600 | Snake:1  | Daisuki: At least other things are slow here.
 38600 | Snake:1  | Daisuki: Although...shock serpents will be hell.
 38610 | Snake:1  | Reached skill level 7 in Evocations
 38616 | Snake:1  | Noticed Josephine
 38628 | Snake:1  | Daisuki: Heh.
 38628 | Snake:1  | Daisuki: Pretty stupid, I know. I just hate...uh.
 39299 | Snake:2  | braveplatypus: "i'm not crippled" - daisuki as he gets overwhelmed by trivial enemies
 39302 | Snake:2  | Daisuki: Honestly I didn't want to come here, but the main dungeon was too hard, too.
 39302 | Snake:2  | Daisuki: I really need better spells.
 39302 | Snake:2  | Daisuki: I guess stuff in here has high HP, too.
 39385 | Snake:2  | Identified a Grand Grimoire
 39398 | Snake:2  | Noticed Norris
 39399 | Snake:2  | braveplatypus: well
 39399 | Snake:2  | braveplatypus: on the bright side
 39399 | Snake:2  | braveplatypus: it's not a triple sword of cold
 39399 | Snake:2  | braveplatypus: but that pointy stick is pretty scary where it is right now
 39399 | Snake:2  | Daisuki: Sigh.
 39512 | Snake:2  | braveplatypus: i'll fight 2 st rokas at once before i fuck with norris
 39725 | Snake:2  | Reached skill level 14 in Conjurations
 39824 | Snake:2  | braveplatypus: yay by by drain
 39926 | Snake:1  | Daisuki: Sigh...
 39926 | Snake:1  | Daisuki: I really need OoD...
 39929 | Snake:1  | braveplatypus: dont you have *something* that can help you win the big fight with roka easy
 39965 | Snake:1  | braveplatypus: scroll of summoning.. stack of spiders///
 39967 | Snake:1  | Killed Josephine
 39968 | Snake:1  | braveplatypus: maybe in a shop somewhere?
 39968 | Snake:1  | Daisuki: Not sure what to search for.
 39968 | Snake:1  | Daisuki: But honestly SR won't give that much XP anyway.
 39968 | Snake:1  | Daisuki: I just need OoD ASAP...
 39971 | Snake:1  | braveplatypus: yah he's guarding the shops
 40099 | Snake:1  | Daisuki: I guess so.
 40099 | Snake:1  | Daisuki: I could use a nice robe of the Archmagi, but not likely.
 40545 | Snake:1  | Daisuki: It used to be that a naga could always find stuff to eat down here, but no longer...
 40672 | Snake:1  | Identified a book of Spatial Translocations
 41117 | Snake:1  | Received a gift from Sif Muna
 41118 | Snake:1  | Identified Sif Muna's Reference Book on Damaging Envenoming {god gift} (Sif Muna gifted it to you on level 1 of the Snake Pit)
 41260 | Snake:1  | braveplatypus: thanks sif muna Kappa
 41521 | Snake:1  | Daisuki: Stop blinking me in range of it...blar.
 42121 | Snake:2  | Reached skill level 8 in Evocations
 42451 | Snake:2  | Reached skill level 8 in Charms
 42975 | Lair:1   | Daisuki: Snake is just eating my food...hmm.
 42975 | Lair:1   | Daisuki: Very few anacondas and salamanders to eat.
 43028 | Lair:1   | Daisuki: I guess I'll try the dungeon again.
 43028 | Lair:1   | Daisuki: It's strange to have BoF but feel weak.
 44052 | D:14     | Reached skill level 17 in Spellcasting
 44448 | D:14     | Found a gate to the Vaults.
 44691 | D:15     | Entered Level 15 of the Dungeon
 44757 | D:14     | Daisuki: If this vault is what I think it's probably too much...
 44757 | D:14     | Daisuki: Probably has tough dragons in it and shit.
 45057 | D:15     | Found a shimmering altar of Xom.
 45345 | D:15     | braveplatypus: there's the +5 int cloak that makes you the naga wizard you dreamed to be
 45345 | D:15     | Daisuki: Yeah, sure. More likely it's *Drain and -30 Int.
 45345 | D:15     | Reached XP level 18. HP: 154/154 MP: 31/39
 45356 | D:15     | Got a dazzling cloak
 45363 | D:15     | Daisuki: STOP PUTTING ME IN THE ROOM
 45541 | D:15     | Found a staircase to the Depths.
 46042 | D:15     | Daisuki: Feels like there's just no food anywhere.
 46266 | D:15     | Found a shimmering altar of Xom.
 46706 | D:15     | Found a staircase to the Depths.
 46761 | D:15     | Reached skill level 9 in Invocations
 47326 | D:15     | Daisuki: XL18 but...
 47326 | D:15     | Daisuki: ,_,
 47513 | Lair:1   | Identified the +1 cloak "Xetesyar" {-Tele rC+ rCorr Dex+4} (You found it on level 15 of the Dungeon)
 47513 | Lair:1   | braveplatypus: it's that spell hunger man
 47513 | Lair:1   | Daisuki: I know, but if I don't cast BoF I am even weaker.
 47513 | Lair:1   | Daisuki: I'm trying to fix it.
 47513 | Lair:1   | Daisuki: I'm semi-tempted to just start Slime because I have rMut and rCorr like this, but there's no food there. ;p
 47513 | Lair:1   | braveplatypus: shops in orc
 47513 | Lair:1   | Daisuki: Maybe I should buy gourmand?
 47513 | Lair:1   | Daisuki: What do you think?
 47513 | Lair:1   | Daisuki: I can't afford to get way lower on rations...
 47513 | Lair:1   | Daisuki: Although I could also buy food.
 47513 | Lair:1   | braveplatypus: you need to clear orc 4
 47513 | Lair:1   | Daisuki: Well, SR is just too hard...
 47513 | Lair:1   | Daisuki: I need OoD...then I could.
 47513 | Lair:1   | braveplatypus: invis ports
 47513 | Lair:1   | braveplatypus: pots
 47513 | Lair:1   | Daisuki: Can't.
 47513 | Lair:1   | braveplatypus: a lamp of fire
 47513 | Lair:1   | Daisuki: Not familiar with these...
 47513 | Lair:1   | braveplatypus: you have some evo skill right
 47513 | Lair:1   | Daisuki: 8
 47513 | Lair:1   | braveplatypus: that's fine
 47513 | Lair:1   | braveplatypus: bring it
 47513 | Lair:1   | Daisuki: Stone too?
 47513 | Lair:1   | braveplatypus: any luck on the blow gun
 47513 | Lair:1   | braveplatypus: no they will both drain when you use one
 47513 | Lair:1   | braveplatypus: they patched that in because using allot at once could beat anything
 47513 | Lair:1   | Daisuki: I thought only the same type of item drained?
 47513 | Lair:1   | Daisuki: Hmm...
 47513 | Lair:1   | Daisuki: I'll just check anyway...one slot doesn't matter.
 47513 | Lair:1   | braveplatypus: oh maybe your right
 47517 | Lair:1   | braveplatypus: do you have a brillance pot
 47528 | Lair:1   | braveplatypus: maybe you can weve in something like poison cloud that you cant quite cast yet and just forget it later
 47528 | Lair:1   | Daisuki: I need to figure out a new weapon...sadly no staves either.
 47532 | Lair:1   | braveplatypus: any stacks of spiders decks wands of draning
 47532 | Lair:1   | Daisuki: I'm thinking dagger of electrocution?
 47534 | Lair:1   | braveplatypus: that might be good if you can disable him with a para or confuse wand
 47534 | Lair:1   | Daisuki: Honestly I strongly doubt that.
 47534 | Lair:1   | Daisuki: I mean, just trying enough to make it work could easily outlast my HP.
 47534 | Lair:1   | braveplatypus: i'd take one just to see that odds
 47545 | Lair:1   | Daisuki: I'll check spells.
 47552 | Lair:1   | braveplatypus: poison cloud and ice beasts
 47552 | Lair:1   | braveplatypus: if you have room for both
 47552 | Lair:1   | braveplatypus: just forget them after the battle
 47552 | Lair:1   | Daisuki: Ice beasts + lamp of fire?
 47552 | Lair:1   | braveplatypus: yah it'll be fine just use the lamp first
 47552 | Lair:1   | Daisuki: I should forget some other stuff.
 47552 | Lair:1   | Daisuki: Only thing is...this is me wearing two rings of Wiz.
 47552 | Lair:1   | Daisuki: Is that really ideal?
 47552 | Lair:1   | braveplatypus: yah it will be fine
 47554 | Lair:1   | braveplatypus: spellpower is overrated
 47556 | Lair:1   | Learned a level 1 spell: Apportation
 47564 | Lair:1   | Learned a level 6 spell: Poisonous Cloud
 47569 | Lair:1   | Learned a level 4 spell: Summon Ice Beast
 47569 | Lair:1   | Daisuki: Ice beast is really low power.
 47569 | Lair:1   | braveplatypus: it only effects duration
 47569 | Lair:1   | braveplatypus: they'll last long enough
 47569 | Lair:1   | Daisuki: So what's the idea...check wand and then lamp of fire, poisonous cloud, and ice beasts?
 47569 | Lair:1   | braveplatypus: sounds like the plan
 47569 | Lair:1   | Daisuki: Also throw in the stone of tremors at least if he's by a wall?
 47569 | Lair:1   | braveplatypus: i guess
 47569 | Lair:1   | Daisuki: Basically you want to poison him and swarm with summons?
 47569 | Lair:1   | braveplatypus: yah
 47705 | Orc:3    | Daisuki: I guess I should eat first?
 47705 | Orc:3    | braveplatypus: oh yah
 47705 | Orc:3    | braveplatypus: for sure
 47811 | Orc:4    | Daisuki: 15% is pretty bad.
 47811 | Orc:4    | braveplatypus: try it
 47811 | Orc:4    | Daisuki: Why?
 47811 | Orc:4    | braveplatypus: if it woks this is over
 47812 | Orc:4    | braveplatypus: i mean
 47812 | Orc:4    | braveplatypus: if you want to save the wand that's cool
 47812 | Orc:4    | braveplatypus: orc in the way now
 47812 | Orc:4    | Daisuki: No, I don't care about that wand.
 47819 | Orc:4    | braveplatypus: ew
 47819 | Orc:4    | Daisuki: Guess I may as well teleport.
 47819 | Orc:4    | braveplatypus: yah
 47820 | Orc:4    | Found a roughly hewn altar of Beogh.
 47822 | Orc:4    | Noticed Nergalle
 47828 | Orc:4    | braveplatypus: oh wow
 47830 | Orc:4    | braveplatypus: there
 47832 | Orc:4    | Daisuki: Can't make it.
 47832 | Orc:4    | Daisuki: You think the lamp here?
 47832 | Orc:4    | braveplatypus: yah
 47833 | Orc:4    | braveplatypus: flee
 47833 | Orc:4    | braveplatypus: i think you got to tele
 47833 | Orc:4    | Daisuki: Maybe I should just bring him up.
 47833 | Orc:4    | Daisuki: But yes, tele first.
 47833 | Orc:4    | braveplatypus: yah
 47835 | Orc:4    | braveplatypus: that other orc uniqe is here
 47837 | Orc:3    | braveplatypus: get up and heal
 47837 | Orc:3    | Daisuki: What other unique?
 47837 | Orc:3    | Daisuki: Nergalle, okay.
 48233 | Orc:2    | braveplatypus: maybe you can go around him
 48250 | Orc:4    | braveplatypus: if you can get down to orc 4
 48255 | Orc:4    | braveplatypus: yay
 48379 | Orc:4    | Killed Nergalle
 48380 | Orc:4    | Daisuki: Woo...
 48393 | Orc:4    | braveplatypus: careful going up to heal
 48491 | Orc:4    | Reached skill level 13 in Fire Magic
 48494 | Orc:4    | Found Jod Mocw's Antique Weapon Boutique.
 48500 | Orc:4    | Received a gift from Sif Muna
 48504 | Orc:4    | Identified Sif Muna's Incunabulum of Talismans {god gift} (Sif Muna gifted it to you on level 4 of the Orcish Mines)
 48531 | Orc:4    | Found Xoghocw's General Store.
 48553 | Orc:4    | Daisuki: I think I can just wear a ring of loudness...
 48553 | Orc:4    | Bought a scroll of identify for 28 gold pieces
 48562 | Orc:4    | Found Xauhoplyxt's Book Boutique.
 48569 | Orc:4    | braveplatypus: there it is
 48569 | Orc:4    | braveplatypus: yayyy
 48569 | Orc:4    | Daisuki: Also Iron Shot.
 48569 | Orc:4    | braveplatypus: you should probably go back to your setup and see what that orbs power and % look like
 48573 | Orc:4    | Daisuki: 12% isn't too bad. Of course it's not more powerful, either.
 48573 | Orc:4    | Daisuki: I could cast more of them, though.
 48573 | Orc:4    | braveplatypus: lmao that shoping list
 48582 | Orc:4    | Found Deotis's Antique Armour Boutique.
 48589 | Orc:4    | Bought a runed robe for 21 gold pieces
 48620 | Orc:4    | Daisuki: What about it? ;p
 49109 | Orc:4    | Daisuki: I guess I can buy the randarts and the book.
 49110 | Orc:4    | braveplatypus: *the book*
 49110 | Orc:4    | braveplatypus: the one that you came here for
 49110 | Orc:4    | braveplatypus: the one with ood
 49151 | Orc:4    | Bought a slimy spear for 176 gold pieces
 49177 | Orc:4    | Bought a fine ring mail for 270 gold pieces
 49193 | Orc:4    | Bought a book of Power for 540 gold pieces
 49193 | Orc:4    | Daisuki: Should I unmemorize PC and SIB and memorize OoD and IS?
 49193 | Orc:4    | braveplatypus: yah
 49203 | Orc:4    | Learned a level 7 spell: Orb of Destruction
 49210 | Orc:4    | Learned a level 6 spell: Iron Shot
 49210 | Orc:4    | braveplatypus: that was just like a orc assassination plot but you got to the shops and orc 3 is his "prison" for now
 49210 | Orc:4    | Daisuki: Yeah...
 49210 | Orc:4    | braveplatypus: the mara strat give him a whole floor to troll and just maneuver around him XD
 49210 | Orc:4    | Daisuki: Or just use fire storm.
 49451 | Lair:1   | Identified the +3 spear "Veppufat" {holy, MR+ MP+9 Str+4 Stlth+} (You bought it in a shop on level 4 of the Orcish Mines)
 49452 | Lair:1   | Daisuki: This isn't bad.
 49452 | Lair:1   | braveplatypus: i'd carry that shit into pan
 49452 | Lair:1   | Daisuki: Nah, you don't wield this in Pan...
 49452 | Lair:1   | Daisuki: Magical staves including Wucad Mu...
 49452 | Lair:1   | Daisuki: Well, maybe on another character.
 49452 | Lair:1   | Daisuki: Although the base damage is shit, so...
 49452 | Lair:1   | braveplatypus: i won a bezerker game with teslas cutlass to prove a point
 49452 | Lair:1   | Daisuki: What is it named?
 49452 | Lair:1   | braveplatypus: it's just an electric cutlass
 49452 | Lair:1   | braveplatypus: tesla always has it
 49452 | Lair:1   | Daisuki: Okay...
 49462 | Lair:1   | Identified the +5 ring mail "Ferghirch" {rElec rCorr Dex+4} (You bought it in a shop on level 4 of the Orcish Mines)
 49462 | Lair:1   | Daisuki: Yeah, uh...
 49462 | Lair:1   | Daisuki: This isn't bad.
 49462 | Lair:1   | braveplatypus: that shits amazing
 49462 | Lair:1   | Daisuki: I always buy randarts.
 49462 | Lair:1   | Daisuki: At least eventually.
 49464 | Lair:1   | Daisuki: Well, I need Wiz x1 for now...
 49464 | Lair:1   | braveplatypus: you need some ice dragon armour to go with your staff of fire and ring of fire :D
 49464 | Lair:1   | Daisuki: I don't have a staff of fire.
 49464 | Lair:1   | Daisuki: I need to get to 9 armour I guess...
 49464 | Lair:1   | Daisuki: For a start...
 49821 | Orc:4    | Noticed Maurice
 49821 | Orc:4    | Daisuki: I always double explore last levels of branches.
 49823 | Orc:4    | Killed Maurice
 49883 | Orc:4    | Found a roughly hewn altar of Beogh.
 49886 | Orc:4    | Found Jod Mocw's Antique Weapon Boutique.
 49895 | Orc:4    | Found Xauhoplyxt's Book Boutique.
 49941 | Orc:4    | Found Deotis's Antique Armour Boutique.
 49974 | Orc:4    | Found Xoghocw's General Store.
 50187 | Orc:4    | Found a staircase to the Elven Halls.
 50662 | Orc:4    | braveplatypus: you are a man who enjoys his exp
 50811 | Lair:1   | Daisuki: Welcome back.
 50826 | Lair:1   | Daisuki: I guess back to Snake...
 50826 | Lair:1   | Daisuki: I guess.
 50826 | Lair:1   | braveplatypus: yah to get the electric scales or whatever they're called
 50826 | Lair:1   | Daisuki: That would be awesome.
 50826 | Lair:1   | braveplatypus: in naga barding city
 50826 | Lair:1   | braveplatypus: with the amulet of the gormaund
 50826 | Lair:1   | Daisuki: Although they'd probably be on...uh.
 50826 | Lair:1   | Daisuki: Oh, you think I should buy that now?
 50826 | Lair:1   | Daisuki: Gourmand?
 50826 | Lair:1   | braveplatypus: i dont know dude i dont know spell hunger
 50826 | Lair:1   | Daisuki: Level 5- is fine but 6+ is bad.
 50826 | Lair:1   | Daisuki: I may as well buy it...gold is plentiful long term.
 50864 | D:10     | Bought an uncursed amulet of the gourmand for 390 gold pieces
 51059 | Snake:2  | Reached skill level 1 in Armour
 51263 | Snake:2  | Reached skill level 1 in Shields
 51265 | Snake:2  | Daisuki: OoD is sooooo much better.
 51780 | Snake:2  | Reached skill level 2 in Armour
 52175 | Snake:3  | Daisuki: Norris changed levels without me influencing it at all.
 52234 | Snake:3  | braveplatypus: did he perhaps fall down a shaft?
 52243 | Snake:2  | Daisuki: Who knows...they can change on their own, rarely. Any enemy can, I think.
 52243 | Snake:2  | Daisuki: Rarely you get humanoids on Lair:1.
 52279 | Snake:3  | Found a shimmering altar of Xom.
 52723 | Snake:2  | Daisuki: I wonder if it's Vashnia...
 52723 | Snake:2  | Daisuki: She often has the lightning scales...
 52764 | Snake:3  | Killed Norris
 52764 | Snake:3  | Reached skill level 3 in Armour
 53811 | Snake:3  | Reached skill level 2 in Shields
 54011 | Snake:3  | Daisuki: I had to target the tree because I like fire.
 54597 | Snake:2  | Reached skill level 15 in Conjurations
 54597 | Snake:2  | Reached skill level 10 in Invocations
 54669 | Snake:3  | Reached skill level 4 in Armour
 54847 | Snake:3  | Daisuki: Do you think I should acquire a staff? Although it would probably give me energy and not conjuration, that's still useful...
 55315 | Lair:1   | braveplatypus: oh hi i'm back
 55319 | Lair:1   | Daisuki: Hi.
 55322 | Lair:1   | braveplatypus: any barding?
 55330 | Lair:1   | Daisuki: Not yet.
 55330 | Lair:1   | Daisuki: Been slowly picking off nagas and friends by staying near stairs.
 55332 | Lair:1   | Daisuki: I have ?acquirement...
 55332 | Lair:1   | Daisuki: Was considering staff...
 55332 | Lair:1   | Daisuki: It would probably pick energy or conjuration.
 55332 | Lair:1   | Daisuki: OTOH my weapon isn't bad...
 55332 | Lair:1   | Daisuki: Actually, it might give wizardry...
 55332 | Lair:1   | Daisuki: Which might be better anyway.
 55332 | Lair:1   | Daisuki: I want Fire Storm...
 55332 | Lair:1   | Daisuki: Wands I could get include hasting, invisibility, and teleportation, though.
 55332 | Lair:1   | Daisuki: But still, Fire Storm would help immensely.
 55334 | Lair:1   | Daisuki: You're here twice now...
 55334 | Lair:1   | Daisuki: And now once. ;p
 55342 | Lair:1   | braveplatypus: i was like "i wonder what that silly naga is up too" and forgot i had a tab open
 55348 | Lair:1   | Daisuki: Well, I was wondering about acquiring a staff vs. a wand.
 55348 | Lair:1   | braveplatypus: dont ask me on how to build your caster
 55348 | Lair:1   | Daisuki: Okay... ;p
 55348 | Lair:1   | braveplatypus: i hit A A is for weapon
 55348 | Lair:1   | braveplatypus: yahhhh
 55348 | Lair:1   | braveplatypus: a nice like
 55349 | Lair:1   | braveplatypus: demon whip
 55350 | Lair:1   | braveplatypus: or trident
 55351 | Lair:1   | braveplatypus: or blade
 55351 | Lair:1   | Daisuki: Wizardry...good.
 55358 | Lair:1   | Daisuki: Checking Fire Storm..
 55358 | Lair:1   | Daisuki: 98% failure with triple wizardry... ;p
 55364 | Lair:1   | Daisuki: I think you really need 18 average skill to even think about level 9 spells.
 55364 | Lair:1   | Daisuki: Realistically more.
 55590 | Snake:3  | Daisuki: I really doubt I can handle Snake:4... =(
 55597 | Snake:4  | Entered Level 4 of the Snake Pit
 55601 | Snake:4  | Reached skill level 1 in Earth Magic
 55601 | Snake:4  | Reached XP level 19. HP: 124/160 MP: 40/40
 55604 | Snake:4  | Daisuki: This was terrible...lol.
 55604 | Snake:4  | HP: 8/160 [greater naga/halberd (19)]
 55604 | Snake:4  | Slain by a guardian serpent

Vault maps used:
D:1:      dpeg_arrival_rhombi
D:2:      okawaru_gym_becter
D:3:      hangedman_feature_mirror
D:4:      bloody_trog, jiyva_altar_1, uniq_menkaure
D:5:      nicolae_ru_path_of_blood, first_bread, uniq_grinder, uniq_sigmund,
          uniq_prince_ribbit1
D:6:      minmay_temple_entry_statues_pillars, serial_shops, shop,
          lightli_ossuary_entry_decrepit_ruins, uniq_crazy_yiuf_cottage
D:7:      minmay_strange_pillars, uniq_duvessa
D:8:      serial_shops, shop, hangedman_ranch, serial_bayou_crossing
D:10:     dpeg_oklobed_lair, serial_shops, shop
D:11:     basic_altar, roderic_ancient_swastika, uniq_harold
D:12:     minmay_orc_entry_guard_dogs, zaba_anthell
D:13:     enter_bailey_8
D:14:     hangedman_opposites_gauntlet, david_vaults_5, lemuel_crystal_altar
D:15:     gammafunk_enter_depths_forms, hangedman_abyss_or_decor_passed,
          basic_altar
Temple:   nicolae_temple_x_marks_the_god_16
Lair:1:   st_stairs_4, minivault_23, columned_hall_lemuel,
          minmay_lair_oklob_bushes
Lair:2:   infiniplex_staircase_pool_2
Lair:3:   minmay_snake_entry_spellcaster, lab_entry_generic, forest_entry_grove
Lair:4:   elwin_shoals_entry_stream
Lair:5:   grunt_megastairs_4
Lair:6:   pf_torpor_hydra
Lair:7:   nicolae_slime_entry_slimehenge, serial_bayou_shore_a,
          grunt_megastairs_2
Lair:8:   minmay_lair_end_frog_pond, uniq_nessos
Snake:1:  grunt_ministairs_11, nicolae_coiled_stairwell_down, uniq_josephine
Snake:2:  lemuel_fruit_tree, uniq_norris
Snake:3:  special_room, basic_altar, grunt_ministairs_1, stair_cage_line
Snake:4:  snake_hunt, grunt_ministairs_6, spider_trap, st_stairs_14,
          uniq_vashnia
Orc:1:    serial_shops, shop
Orc:2:    cheibrodos_orc_bank, hangedman_minor_magic
Orc:3:    nicolae_orc_pool_cavern, nicolae_orc_tapped_out
Orc:4:    grunt_orc_cross, nooodl_orcs_dogs, uniq_snorg, uniq_maurice
Lab:      labyrinth_hidden_loot, nicolae_lab_dead_end, nicolae_lab_plus,
          nicolae_lab_x, labyrinth_glass_1, nicolae_lab_flowing_pool,
          nicolae_lab_lava, labyrinth_skeletal_remains, nicolae_lab_grate,
          nicolae_lab_swirl, labyrinth_baited_teleportation_trap
Ossuary:  ossuary_zaba_two_paths
Bailey:   bailey_axe_1, bailey

Action                   |  1- 3 |  4- 6 |  7- 9 | 10-12 | 13-15 | 16-18 | 19-21 || total
-------------------------+-------+-------+-------+-------+-------+-------+-------++-------
Melee: Dagger            |     5 |    34 |    25 |       |       |     8 |       ||    72
       Dire flail        |       |       |   188 |   255 |    24 |   157 |       ||   624
       Spear             |       |       |       |       |       |    15 |       ||    15
 Cast: Magic Dart        |    38 |    98 |   101 |   144 |       |       |       ||   381
       Mephitic Cloud    |       |     8 |    21 |    47 |       |     7 |       ||    83
       Repel Missiles    |       |     1 |       |     2 |       |    10 |       ||    13
       Conjure Flame     |       |     6 |     4 |    19 |     3 |     3 |       ||    35
       Blink             |       |       |       |    20 |    52 |    48 |       ||   120
       Throw Icicle      |       |       |       |    89 |       |       |       ||    89
       Fireball          |       |       |       |    57 |   263 |   230 |       ||   550
       Lightning Bolt    |       |       |       |     4 |     6 |    25 |       ||    35
       Flame Tongue      |       |       |       |       |     1 |    89 |       ||    90
       Bolt of Fire      |       |       |       |       |   130 |   406 |     1 ||   537
       Sticky Flame      |       |       |       |       |    43 |    56 |       ||    99
       Shock             |       |       |       |       |    10 |    60 |       ||    70
       Bolt of Magma     |       |       |       |       |     1 |    33 |       ||    34
       Delayed Fireball  |       |       |       |       |     1 |       |       ||     1
       Orb of Destructio |       |       |       |       |       |    15 |       ||    15
       Iron Shot         |       |       |       |       |       |     2 |       ||     2
Invok: Channel Energy    |       |       |       |   157 |   665 |   556 |       ||  1378
       Forget Spell      |       |       |       |       |     2 |     3 |       ||     5
 Abil: Spit Poison       |    29 |    47 |    51 |    89 |     2 |       |       ||   218
Evoke: Wand              |       |       |       |     5 |       |     4 |       ||     9
       Lamp of fire      |       |       |       |       |       |     1 |       ||     1
  Use: Scroll            |     3 |     2 |     8 |     7 |    11 |    25 |     1 ||    57
       Potion            |       |       |     2 |     1 |     4 |     7 |     2 ||    16
 Stab: Sleeping          |     3 |       |     2 |       |     1 |     1 |       ||     7
       Confused          |       |     4 |     5 |    11 |       |       |       ||    20
       Invisible         |       |       |     2 |       |       |       |       ||     2
       Distracted        |       |       |       |       |       |     1 |       ||     1
  Eat: Chunk             |     2 |    10 |    10 |    59 |   175 |   180 |       ||   436
       Meat ration       |       |       |     1 |     1 |     2 |     8 |       ||    12
       Pizza             |       |       |       |     4 |     2 |     3 |       ||     9
       Bread ration      |       |       |       |       |       |     5 |       ||     5
